Workbook

Sheet Receipts & Payments Summary 
C3: STANTON ST JOHN PARISH COUNCIL 2023/2024
A5: Receipts and payments for the accounts year ended 31 March 2024
F7: 2022/2023 | H7: 2023/2024
A8: INCOME
B9: Precept
B10: Interest
B11: Other income
B12: Grants
B13: VAT Reimbursement
B16: Total Income
A18: EXPENDITURE
B19: General Administration
C20: Salary Costs | H20: =Payments!M103+Payments!N103 -> 0
C21: Other Admin | H21: =Payments!F103+Payments!G103+Payments!I103 -> 0
B22: S137 | H22: =Payments!O103 -> 0
B23: Subscriptions | H23: =Payments!L103 -> 0
B25: Parks and Open Spaces | H25: =SUM(Payments!P103:T103) -> 0
B26: Footpaths and Lighting | H26: =Payments!U103 -> 0
B27: Assets/repair/replace | H27: =Payments!W103 -> 0
B28: Capital Schemes and grants | H28: 0
B29: VAT on purchases | H29: =Payments!Y103 -> 0
B31: Total expenditure | H31: =SUM(H20:H29) -> 0
A33: SUMMARY
B34: Balance b/fwd at 1 April
B35: add Total Income
B37: less Total Expenditure
B38: Balance c/fwd at 31st March
A41: Certified to be a true accurate statement of the financial position of the Council
A42: and approved by the Council on the 17 June 2023 32.I

Sheet Payments
B1: Type | C1: Month Paid | D1: Period | E1: Regular or One-Off | F1: General | G1: Training | H1: Working from Home Allowance | I1: Expenses | J1: Employer Contribuations | K1: Emplyee Contribuations | L1: Subscriptions | M1: Wages | N1: Emplyee Tax | O1: S:137 | P1: Grass | Q1: Play | R1: Other | S1: Dog Bin Emtying | T1: Recreation Ground | U1: Lights | V1: Capital Scheme & Grants | W1: Asset/replace/reapr | X1: Non VAT | Y1: VAT | Z1: Amount | AA1: Cheque | AB1: Date | AC1: Cheque | AD1: Banked
F2: Administration Payments | P2: Parks Payments & Open Spaces
A3: TFM | B3: April Dog bins SI-1385 | C3: April | D3: Monthly | E3: Regular | S3: 32.22 | X3: =SUM(F3:W3) -> 32.22 | Y3: =X3*0.2 -> 6.444 | Z3: =X3+Y3 -> 38.664 | AA3: 765 | AB3: 44679
A4: Expenditure | B4: £ | C4: April | E4: One-off | S4: 150 | X4: =SUM(F4:W4) -> 150 | Y4: =X4*0.2 -> 30 | Z4: =X4+Y4 -> 180 | AA4: 766 | AB4: 44679
A5: Clerk Salary | B5: Membership 01/04/24-31/03/25 | C5: April | E5: Annual | L5: 25 | X5: =SUM(F5:W5) -> 25 | Y5: 0 | Z5: =X5+Y5 -> 25 | AA5: 767 | AB5: 44697
C6: April | E6: Annual | I6: 63.99 | X6: =SUM(F6:W6) -> 63.99 | Y6: =X6*0.2 -> 12.798 | Z6: =X6+Y6 -> 76.788 | AA6: 768 | AB6: 44697
A7: CilCA & payrise | B7: Salalry April 24 | C7: April | M7: 799.02 | X7: =SUM(F7:W7) -> 799.02 | Y7: 0 | Z7: =X7+Y7 -> 799.02 | AA7: 769 | AB7: 44697
A8: HMRC | B8: Tax & Ni April 24 | C8: April | E8: Monthly | N8: 192 | X8: =SUM(F8:W8) -> 192 | Y8: 0 | Z8: =X8+Y8 -> 192 | AA8: 770 | AB8: 44697
A9: Employer NI | B9: Expenses stationary folders/minute book | C9: May | I9: 29.89 | X9: =SUM(F9:W9) -> 29.89 | Y9: 0 | Z9: =X9+Y9 -> 29.89 | AA9: 771 | AB9: 44697
C10: May | E10: Monthly | S10: 37.59 | X10: =SUM(F10:W10) -> 37.59 | Y10: =X10*0.2 -> 7.518 | Z10: =X10+Y10 -> 45.108 | AA10: 773 | AB10: 44698
A11: Clerk | B11: Taxi to and from meeting as car broke down | C11: May | E11: Monthly | I11: 30 | X11: =SUM(F11:W11) -> 30 | Y11: 0 | Z11: =X11+Y11 -> 30
A12: Working from home | C12: May | F12: 264 | X12: =SUM(F12:W12) -> 264 | Y12: =X12*0.2 -> 52.8 | Z12: =X12+Y12 -> 316.8 | AA12: 774 | AB12: 44732
B13: Reimbursement refreshments Annual Parish Meeting | C13: May | F13: 16.69 | X13: =SUM(F13:W13) -> 16.69 | Y13: =X13*0.2 -> 3.338 | Z13: =X13+Y13 -> 20.028 | AA13: 775 | AB13: 44732
A14: Clerk | B14: Salary May 24 | C14: May | M14: 772.61 | X14: =SUM(F14:W14) -> 772.61 | Y14: 0 | Z14: =X14+Y14 -> 772.61 | AA14: 776 | AB14: 44732
A15: Travel | B15: Tax & NI May 24 | C15: May | E15: Monthly | N15: 184 | X15: =SUM(F15:W15) -> 184 | Y15: 0 | Z15: =X15+Y15 -> 184 | AA15: 777 | AB15: 44760
C16: June | E16: Monthly | S16: 42.96 | X16: =SUM(F16:W16) -> 42.96 | Y16: =X16*0.2 -> 8.592 | Z16: =X16+Y16 -> 51.552 | AA16: 778 | AB16: 44760
A17: Gallagher Insurance | B17: Public Liability Insurance 01/06/24-31/03/25 | C17: June | E17: Annual | F17: 1040.28 | X17: =SUM(F17:W17) -> 1040.28 | Y17: 0 | Z17: =X17+Y17 -> 1040.28 | AA17: 779 | AB17: 44760
A18: Intermedical | B18: Defribrillator | C18: June | E18: One-off | F18: 1560 | X18: =SUM(F18:W18) -> 1560 | Y18: =X18*0.2 -> 312 | Z18: =X18+Y18 -> 1872 | AA18: 780 | AB18: 44760
A19: Clerk | B19: Salary June | C19: June | M19: 733.66 | X19: =SUM(F19:W19) -> 733.66 | Y19: 0 | Z19: =X19+Y19 -> 733.66 | AA19: 782 | AB19: 44760
A20: Unity Trust | B20: Bank charge April-June | C20: June | F20: 18 | X20: =SUM(F20:W20) -> 18 | Y20: 0 | Z20: =X20+Y20 -> 18 | AA20: 784 | AB20: 44760
A21: HMRC | B21: Tax & NI June 24 | C21: July | E21: Monthly | N21: 173.2 | X21: =SUM(F21:W21) -> 173.2 | Y21: 0 | Z21: =X21+Y21 -> 173.2
A22: Parish Online | B22: Web site 01/07/24-01/07/25 | C22: July | E22: Annual | F22: 280 | X22: =SUM(F22:W22) -> 280 | Y22: =X22*0.2 -> 56 | Z22: =X22+Y22 -> 336 | AA22: 785 | AB22: 44760
A23: TFM | B23: INV SI-1819 25/06/24 Dog bins June 24 | C23: July | E23: Monthly | S23: 42.96 | X23: =SUM(F23:W23) -> 42.96 | Y23: =X23*0.2 -> 8.592 | Z23: =X23+Y23 -> 51.552 | AA23: 787 | AB23: 44760
A24: TFM | B24: Inv Si-397/TACIN0805 0959 Cheques not cashed | C24: July | E24: Monthly | S24: 0 | X24: 0 | Y24: 0 | Z24: 0 | AA24: 788 | AB24: 44760
A25: Primary Care | B25: Credit note for Zoll Rescue Pack as not required | C25: July | F25: -195 | X25: =SUM(F25:W25) -> -195 | Y25: =X25*0.2 -> -39 | Z25: =X25+Y25 -> -234 | AA25: 789 | AB25: 44760
A26: Clerk | B26: Salary July 2024 | C26: July | E26: Monthly | M26: 850.01 | X26: =SUM(F26:W26) -> 850.01 | Y26: 0 | Z26: =X26+Y26 -> 850.01 | AA26: 790 | AB26: 44760
A27: Mrs Clark | B27: Footpath light | C27: July | E27: Monthly | U27: 18 | X27: =SUM(F27:W27) -> 18 | Y27: 0 | Z27: =X27+Y27 -> 18 | AA27: 791 | AB27: 44760 | AC27: 1
A28: Richard Ebbs | B28: Footpath light | C28: July | E28: Monthly | U28: 18 | X28: =SUM(F28:W28) -> 18 | Y28: 0 | Z28: =X28+Y28 -> 18 | AA28: 792 | AB28: 44760 | AC28: 2
A29: Mr Warner | B29: Footpath light | C29: July | E29: Monthly | U29: 18 | X29: =SUM(F29:W29) -> 18 | Y29: 0 | Z29: =X29+Y29 -> 18 | AA29: 793 | AB29: 44760 | AC29: 3
A30: Mr Sharma | B30: Footpath light | C30: July | E30: Monthly | U30: 18 | X30: =SUM(F30:W30) -> 18 | Y30: 0 | Z30: =X30+Y30 -> 18 | AA30: 794 | AB30: 44760 | AC30: 4
A31: Clerk | B31: Salary August 24 | C31: August | E31: Monthly | M31: 700 | X31: =SUM(F31:W31) -> 700 | Y31: 0 | Z31: =X31+Y31 -> 700 | AA31: 795 | AB31: 44816 | AC31: 5
A32: Wingfield Strafield | B32: Footpath light | C32: August | E32: Monthly | U32: 18 | X32: =SUM(F32:W32) -> 18 | Y32: 0 | Z32: =X32+Y32 -> 18 | AA32: 798 | AB32: 44816 | AC32: 6
A33: Batty | B33: Footpath light | C33: August | U33: 18 | X33: =SUM(F33:W33) -> 18 | Y33: 0 | Z33: =X33+Y33 -> 18
A34: New College | B34: Rent Field RENT013208 | C34: Sep | E34: Annual | R34: 350 | X34: =SUM(F34:W34) -> 350 | Y34: 0 | Z34: =X34+Y34 -> 350 | AA34: 800 | AB34: 44816
A35: M Page | B35: Fit defribrillator BT exchange | C35: Sep | E35: one off | F35: 75 | X35: =SUM(F35:W35) -> 75 | Y35: =X35*0.2 -> 15 | Z35: =X35+Y35 -> 90 | AA35: 801 | AB35: 44816
A36: TFM | B36: July dog waste INV SI-1956 | C36: Sep | E36: Monthly | S36: 64.44 | X36: =SUM(F36:W36) -> 64.44 | Y36: =X36*0.2 -> 12.888 | Z36: =X36+Y36 -> 77.328 | AA36: 802 | AB36: 44832
A37: HMRC | B37: August 24 Tax & NI | C37: Sep | E37: Monthly | N37: 163.6 | X37: =SUM(F37:W37) -> 163.6 | Y37: 0 | Z37: =X37+Y37 -> 163.6 | AA37: 803 | AB37: 44833
A38: OCC Pension Fund | B38: July 's employer & emplyee contribuations | C38: Sep | E38: Monthly | J38: 188.07 | K38: 47.67 | X38: =SUM(F38:W38) -> 235.74 | Y38: 0 | Z38: =X38+Y38 -> 235.74
A39: OCC Pension Fund | B39: August employer & emplyee contribuations | C39: Sep | E39: Monthly | J39: 188.07 | K39: 47.67 | X39: =SUM(F39:W39) -> 235.74 | Y39: 0 | Z39: =X39+Y39 -> 235.74
A40: Play Inspection company | B40: Annual Inspection Co INV 71556 | C40: Sep | E40: Annual | Q40: 100 | X40: =SUM(F40:W40) -> 100 | Y40: =X40*0.2 -> 20 | Z40: =X40+Y40 -> 120
A41: Clerk | B41: Salary Sep | C41: Sep | E41: Monthly | M41: 686.08 | X41: =SUM(F41:W41) -> 686.08 | Y41: 0 | Z41: =X41+Y41 -> 686.08
A42: HMRC | B42: September salary Tax & NI | C42: Sep | E42: Monthly | N42: 163.6 | X42: =SUM(F42:W42) -> 163.6 | Y42: 0 | Z42: =X42+Y42 -> 163.6
A43: Unity Trust | B43: Bank charge July- Sep | C43: Sep | F43: 18 | X43: =SUM(F43:W43) -> 18 | Y43: 0 | Z43: =X43+Y43 -> 18
X44: =SUM(F44:W44) -> 0 | Y44: =X44*0.2 -> 0 | Z44: =X44+Y44 -> 0
X45: =SUM(F45:W45) -> 0 | Y45: =X45*0.2 -> 0 | Z45: =X45+Y45 -> 0 | AA45: 804 | AB45: 44858
X46: =SUM(F46:W46) -> 0 | Y46: =X46*0.2 -> 0 | Z46: =X46+Y46 -> 0 | AA46: 805 | AB46: 44858
X47: =SUM(F47:W47) -> 0 | Y47: =X47*0.2 -> 0
X48: =SUM(F48:W48) -> 0 | Y48: =X48*0.2 -> 0 | Z48: =X48+Y48 -> 0 | AA48: 807 | AB48: 44858
F49: =SUM(F3:F48) -> 3076.97 | I49: =SUM(I3:I48) -> 123.88 | J49: =SUM(J3:J48) -> 376.14 | K49: =SUM(K3:K48) -> 95.34 | L49: =SUM(L3:L22) -> 25 | M49: =SUM(M3:M48) -> 4541.38 | N49: =SUM(N3:N48) -> 876.4 | O49: =SUM(O3:O22) -> 0 | P49: =SUM(P3:P22) -> 0 | Q49: =SUM(Q3:Q48) -> 100 | R49: =SUM(R3:R48) -> 350 | S49: =SUM(S3:S48) -> 370.17 | T49: =SUM(T3:T22) -> 0 | U49: =SUM(U2:U48) -> 108 | V49: =SUM(V3:V22) -> 0 | W49: =SUM(W3:W22) -> 0 | X49: =SUM(F49:W49) -> 10043.28 | Y49: =SUM(Y3:Y22) -> 489.49 | Z49: =SUM(Z3:Z22) -> 6934.6 | AA49: 786 | AB49: 44760
Z50: =X50+Y50 -> 0 | AA50: 809 | AB50: 44858
Z51: =X51+Y51 -> 0
Z52: =X52+Y52 -> 0 | AA52: 810 | AB52: 44886
Z53: =X53+Y53 -> 0 | AA53: 811 | AB53: 44886
Z54: =X54+Y54 -> 0 | AA54: 812 | AB54: 44886
Z55: =X55+Y55 -> 0
Z56: =X56+Y56 -> 0
Z57: =X57+Y57 -> 0
Z58: =X58+Y58 -> 0
Z59: =X59+Y59 -> 0
Z60: =X60+Y60 -> 0
Z61: =X61+Y61 -> 0
Z62: =X62+Y62 -> 0
Z63: =X63+Y63 -> 0
Z64: =X64+Y64 -> 0
Z65: =X65+Y65 -> 0
Z66: =X66+Y66 -> 0
... Z102: =X102+Y102 -> 0
Z103: =SUM(X103:Y103) -> 0
X133: =SUM(F131:W131) -> 0 | Y133: =SUM(X131:Y131) -> 0

Sheet Receipts
B1: From Whom | C1: Description | D1: Amount
A2: 45387 | B2: SODC | C2: First half precept | D2: 13500
A3: 45473 | B3: Unity Trust | C3: Interest savings a/c | D3: 18.08
A4: Expenditure | B4: £ | C4: Interest savings a/c | D4: 36.8
A5: Clerk Salary | B5: SODC | C5: Second half precept | D5: 13500
A6: 520*24.85= £12,922 | B6: 12922
A7: CilCA & payrise | B7: Otmoor Flyer | C7: Otmoor Flyer Refund | D7: 375
A8: 45565 | B8: Unity Trust | C8: Interest savings a/c | D8: 138.76
A15: Travel | D15: =SUM(D2:D14) -> 27568.64
C21: `

Sheet Annual return 
A1: Section 1 - The Statement of Accounts
D3: 2021/2022 | F3: 2022/2023 | H3: Variance Explanation
D4: £ | F4: £
A6: 1 | B6: Balances Brought Forward | D6: 37614 | F6: 34984 | H6: More capital expenditure (EV charger)
A7: 2 | B7: Annual Precept | D7: 22500 | F7: 23000 | H7: Increase of £500 which is a 2.2% increase on last year.
A8: 3 | B8: Total Other Receipts | D8: 5310.5 | F8: 2839 | H8: £2,839 less than previous year because of £2,974 less donation from Village Hall Committee towards the Village Hall new curtains and no VAT claimed.
A9: 4 | B9: Staff Costs | D9: 9394.72 | F9: 8892 | H9: £503 less than previous year as a change of Clerk in May on £2 hour less a hour than previous clerk.
A10: 5 | B10: Loan Interest / Capital Repay | D10: 0 | F10: 0
A11: 6 | B11: Total Other Payments | D11: 21045.69 | F11: 19921 | H11: £1,125 less than previous year as slightly less projects than the first year post pandemic, but still plenty of activity.
A12: 7 | B12: Balance Carried Forward | D12: 34983.92 | F12: =F6+F7+F8-F9-F11 -> 32010 | H12: Reduction in carried forward amount, mainly due to continued expenditure on projects and less donations received from SODC and Village Hall Committee.
A13: 8 | B13: Total Cash & Investments | D13: 34983.92 | F13: 32010
A14: 9 | B14: Total Fixed Assets | D14: 121980.64 | F14: 127444 | H14: Increase due to purchase of Village Hall chairs and Village Hall projector, which was donated by the film club.
A15: 10 | B15: Total Borrowings | D15: 0 | F15: 0

Sheet Reconciliation
A2: BANK RECONCILIATION FOR 1 April 2024- 30 June 2024
F3: £ | G3: £
A4: Expenditure | B4: £
A5: Clerk Salary
A6: 520*24.85= £12,922 | B6: 12922 | G6: 7838.13
A7: CilCA & payrise | B7: Unity savings a/c | G7: 20018.08
B8: Scottish Widows | G8: 9541.17
A9: Employer NI | G9: =SUM(G6:G8) -> 37397.38
A10: £7,922*15% | B10: 1188
A11: Less | B11: Unpresented Cheques | F11: 830 | G11: 38.66 | H11: TFM Jan 23
A12: Working from home | B12: 312 | F12: 729 | G12: 80.54 | H12: TFM Oct 21
A13: £26*52
G14: =SUM(G11:G13) -> 119.2
A15: Travel
A16: 30*£4.59 | B16: 137.7
C19: Balance @ 30 June- as reconciled | G19: =G9-G14 -> 37278.18
A20: Cash Book
B21: Balance b/fwd | G21: 30185.36
B23: Add Total Receipts | G23: 13518
B25: Less Total Payments | G25: 6425
B27: Balance c/fwd | G27: =G21+G23-G25 -> 37278.36
A39: BANK RECONCILIATION FOR 1 July 2024 - 30 September 2024
F41: £ | G41: £
A42: Balance at 30 September 2024
B44: Unity bank Current Account | G44: 17469.28
B45: Unity bank Savings Account | G45: 20156.84
B46: Scottish Widows | G46: 9577.83
G48: =SUM(G44:G46) -> 47203.95
C56: Balance @ 30 September - as reconciled | G56: =G48-G53+G54 -> 47203.95
A58: Cash Book
B59: Balance b/fwd | G59: =G27 -> 37278.36
B61: Add Total Receipts | G61: =SUM(Receipts!D4:D8) -> 14050.56
B63: Less Total Payments | G63: =SUM(Payments!Z21:Z48) -> 4124.85
B65: Balance c/fwd | G65: =G59+G61-G63 -> 47204.07
A70: BANK RECONCILIATION FOR 1 October 2024 - 31 December 2024
F72: £ | G72: £
A73: Balance at 31 December 2024
B75: Unity bank
B76: Scottish Widows Deposit Account
G78: =SUM(G75:G77) -> 0
A81: Less | B81: Unpresented Cheques | E81: TFM Jan 23
E82: TFM Oct 21
G83: =G78-G81-G82 -> 0
G92: =G83 -> 0
C95: Balance @ 31 December- as reconciled | G95: =G83 -> 0
A96: Cash Book
B97: Balance b/fwd
B99: Add Total Receipts | G99: =Receipts!D10+Receipts!D9 -> 0
B101: Less Total Payments | G101: =SUM(Payments!Z53:Z79) -> 0
B103: Balance c/fwd | G103: =G97+G99-G101 -> 0
G104: =G95-G103 -> 0
G115: £
B117: Stanton st John Parish Council Bank Reconciliation as at 31 March 2025
A120: Bank statement
A121: Balance | B121: Scottish Widows Deposit Account (01/01/24)
B122: Unity Trust
A127: Less | B127: Unpresented Cheques | E127: TFM Jan 23 | F127: 830
E128: TFM Oct 21 | F128: 729
G129: =G125-G128-G127 -> 0
C138: Balance @ 31 March - as reconciled | G138: =G125-G127-G128 -> 0
A141: Cash Book
B142: Balance b/fwd | G142: ='Receipts & Payments Summary '!H34 -> 0
B144: Add Total Receipts
G145: =SUM(G142:G144) -> 0
B147: Less Total Payments | G147: =Payments!Z103 -> 0
B149: Balance c/fwd
A153: Certified to be a true accurate statement of the financial position of the Council

Sheet Current budget
A1: Draft Budget Tracker for Stanton St John Parish Council 2022/23 | C1: Expected Income | D1: Actual Income | E1: Budget Allocation | F1: Actual Expenditure | G1: Anticipated Future Expenditure | H1: Budget Remaining | I1: Bank Account Balance
A3: Opening Balance April 2022
A4: - Deposit Account | B4: 30919.14
A5: - Savings Account | B5: 9416.54
A6: -Unbanked Cheques | B6: 5351.76
A7: Carried Forward Balance | B7: =SUM(B4:B5)-B6 -> 34983.92
A9: INCOME
A10: Precept SODC (April & Sept Payments) | C10: 23000 | D10: 23000
A11: VAT Rebate (Manual Claim)
A12: Grants - SODC VH Chairs | C12: 978 | D12: 978
A13: Total Income | C13: =SUM(C10:C12) -> 23978 | D13: =SUM(D10:D12) -> 23978
A15: Budgeted Money Available to Spend | B15: =SUM(B7+C13) -> 58961.92
A16: (would never plan to spend all funds)
A18: EXPENDITURE
A19: Administration
A20: Clerks Salary | E20: 9360 | F20: =Payments!Z13+Payments!Z15+Payments!#REF!+Payments!Z45+Payments!#REF!+Payments!#REF! -> #REF! | G20: 2360 | H20: =SUM(E20-(F20+G20)) -> #REF!
A21: Administative Support | E21: 1500 | F21: =Payments!Z3+Payments!Z8+Payments!Z12+Payments!Z17+Payments!Z31 -> 2287.744 | G21: 36 | H21: =SUM(E21-(F21+G21)) -> -823.744
A22: HMRC Payments | E22: 1188 | F22: =Payments!Z16+Payments!Z32+Payments!Z46+Payments!#REF!+Payments!#REF! -> #REF! | G22: 600 | H22: =SUM(E22-(F22+G22)) -> #REF!
A23: Clerks Building Insurance | E23: 31 | F23: 0 | G23: 0 | H23: =SUM(E23-(F23+G23)) -> 31
A24: Working From Home Allowance | E24: 280 | G24: 0 | H24: =SUM(E24-(F24+G24)) -> 280
A25: Clerks Training | E25: 350 | F25: 330 | G25: 0 | H25: =SUM(E25-(F25+G25)) -> 20
A26: Mileage | E26: 200 | G26: 0 | H26: =SUM(E26-(F26+G26)) -> 200
A27: Stationary & Postage | E27: 50 | F27: 111.41 | G27: 0 | H27: =SUM(E27-(F27+G27)) -> -61.41
A28: Printing | E28: 250 | F28: =Payments!Z36 -> 77.328 | G28: 80 | H28: =SUM(E28-(F28+G28)) -> 92.672
A29: Books | E29: 0 | F29: 0 | G29: 120 | H29: =SUM(E29-(F29+G29)) -> -120
A30: Councillors Training | E30: 300 | F30: =Payments!Z6 -> 76.788 | G30: 66 | H30: =SUM(E30-(F30+G30)) -> 157.212
A31: Parish Council Insurance | E31: 1000 | F31: =Payments!Z10 -> 45.108 | G31: 0 | H31: =SUM(E31-(F31+G31)) -> 954.892
A32: Refreshments | C32: =+C45 -> 0 | E32: 0 | F32: 0 | G32: =SUM(E32-F32) -> 0 | H32: =SUM(E32-(F32+G32)) -> 0
A33: Microsoft Licenses | E33: 80 | F33: 0 | G33: =SUM(E33-F33) -> 80 | H33: =SUM(E33-(F33+G33)) -> 0
A34: Antivirus Licenses | E34: 25 | F34: 0 | G34: 40 | H34: =SUM(E34-(F34+G34)) -> -15
A35: Miscellaneous | E35: 200 | F35: 0 | G35: 200 | H35: =SUM(E35-(F35+G35)) -> 0
A37: Maintainence & Parks
A38: Footlight Payments | E38: 240 | F38: =SUM(Payments!Z22:Z29) -> 1057.562 | G38: 0 | H38: =SUM(E38-(F38+G38)) -> -817.562
A39: Footlight Maintainence | E39: 350 | F39: =Payments!Z4 -> 180 | G39: 0 | H39: =SUM(E39-(F39+G39)) -> 170
A40: Playarea Annual Inspection | E40: 120 | F40: =Payments!Z34 -> 350 | G40: 0 | H40: =SUM(E40-(F40+G40)) -> -230
A41: Playarea Monthly Inpections | E41: 300 | F41: 0 | G41: 120 | H41: =SUM(E41-(F41+G41)) -> 180
A42: Playground Maintenance | E42: 500 | F42: =Payments!#REF! -> #REF! | G42: 150 | H42: =SUM(E42-(F42+G42)) -> #REF!
A43: Grass Cutting Playarea | E43: 500 | F43: 0 | G43: =SUM(E43-F43) -> 500 | H43: =SUM(E43-(F43+G43)) -> 0
A44: Adhoc Vegetation Maintenance | E44: 500 | F44: 0 | G44: =SUM(E44-F44) -> 500 | H44: =SUM(E44-(F44+G44)) -> 0
A45: Snow Ploughing (£85ph) | E45: 1000 | F45: 0 | G45: 0 | H45: =SUM(E45-(F45+G45)) -> 1000
A46: Winter Gritting (£30ph) | E46: 500 | F46: 0 | G46: 0 | H46: =SUM(E46-(F46+G46)) -> 500
A47: Playing Field Rent | E47: 350 | F47: 0 | G47: =SUM(E47-F47) -> 350 | H47: =SUM(E47-(F47+G47)) -> 0
A48: Dog Bin Emptying | E48: 500 | F48: =Payments!Z5+Payments!Z14+Payments!Z35+Payments!Z47+Payments!Z52+Payments!#REF! -> #REF! | G48: =SUM(E48-F48) -> #REF! | H48: =SUM(E48-(F48+G48)) -> #REF!
A49: Refuse Collections | E49: 76 | F49: 62.66 | G49: =SUM(E49-F49) -> 13.34 | H49: =SUM(E49-(F49+G49)) -> 0
A50: Mtc noticeboard
A51: Transport
A52: Otmoor Flyer | E52: 750 | F52: =Payments!Z9 -> 29.89 | G52: =SUM(E52-F52) -> 720.11 | H52: =SUM(E52-(F52+G52)) -> 0
A54: Communications
A55: Website Support | E55: 30 | F55: 0 | G55: 160 | H55: =SUM(E55-(F55+G55)) -> -130
A57: Subscriptions
A58: OALC | E58: 150 | G58: =SUM(E58-F58) -> 150 | H58: =SUM(E58-(F58+G58)) -> 0
A59: Open Spaces Society | E59: 45 | F59: 0 | G59: =SUM(E59-F59) -> 45 | H59: =SUM(E59-(F59+G59)) -> 0
A60: Oxford Green Belt Network | E60: 15 | F60: 0 | G60: 0 | H60: =SUM(E60-(F60+G60)) -> 15
A61: Community First Oxfordshire | E61: 55 | F61: 0 | G61: 0 | H61: =SUM(E61-(F61+G61)) -> 55
A62: CommuniCorp | E62: 100 | F62: 0 | G62: 0 | H62: =SUM(E62-(F62+G62)) -> 100
A63: CPRE | E63: 36 | F63: 36 | G63: =SUM(E63-F63) -> 0 | H63: =SUM(E63-(F63+G63)) -> 0
A64: BBOWT | E64: 46 | F64: 0 | G64: =SUM(E64-F64) -> 46 | H64: =SUM(E64-(F64+G64)) -> 0
A66: Donations
A67: Adhoc Donations | E67: 500 | F67: 180 | G67: 0 | H67: =SUM(E67-(F67+G67)) -> 320
A68: Wheatly Park Prize Giving | E68: 30 | F68: 0 | G68: 0 | H68: =SUM(E68-(F68+G68)) -> 30
A69: Citizen Advice | E69: 100 | F69: 600 | G69: 0 | H69: =SUM(E69-(F69+G69)) -> -500
A70: The Maple Tree | E70: 100 | F70: =Payments!#REF! -> #REF! | G70: 0 | H70: =SUM(E70-(F70+G70)) -> #REF!
A71: Oxfordshire Childrens Air Ambulance | E71: 100 | F71: 0 | G71: 0 | H71: =SUM(E71-(F71+G71)) -> 100
A72: Churchyard Maint Donation | E72: 1000 | F72: 0 | G72: 0 | H72: =SUM(E72-(F72+G72)) -> 1000
A73: Jubilee expenses | F73: 57.87
A74: Audit Fees
A75: Internal Auditor | E75: 200 | F75: =Payments!#REF! -> #REF! | G75: 0 | H75: =SUM(E75-(F75+G75)) -> #REF!
A76: External Auditor | E76: 250 | F76: =Payments!#REF! -> #REF! | G76: 0 | H76: =SUM(E76-(F76+G76)) -> #REF!
A78: Projects
A79: Traffic Project | E79: 15000 | F79: 0 | G79: 0 | H79: =SUM(E79-(F79+G79)) -> 15000
A80: Village Hall Roof Project | E80: 780 | F80: 0 | G80: 780 | H80: =SUM(E80-(F80+G80)) -> 0
A81: Village Hall Chair Project | E81: 2000 | F81: =Payments!#REF! -> #REF! | G81: 2358.66 | H81: =SUM(E81-(F81+G81)) -> #REF!
A82: Village Hall Car Park Project/EV charging stage 1 | E82: 4680 | F82: 0 | G82: 4680 | H82: =SUM(E82-(F82+G82)) -> 0
A83: CIL Project (protected must be spent on CIL project) | E83: 3252.27 | F83: 0 | G83: 0 | H83: =SUM(E83-(F83+G83)) -> 3252.27 | I83: spend on CV charging
A84: Light & cabling village hall | E84: 2000 | F84: =SUM(Payments!Z54,Payments!#REF!,U63) -> #REF! | G84: 0 | H84: 0
A85: Contingency
A86: Maintenance & Parks | E86: 1000 | F86: 265 | G86: 0 | H86: 1000
A87: Administration | E87: 1000 | F87: 0 | G87: 0 | H87: 1000
A88: General | E88: 1000 | F88: 0 | G88: 0 | H88: 1000
A90: Totals | E90: =SUM(E20:E88) -> 53969.27 | F90: =SUM(F20:F88) -> #REF! | G90: =SUM(G20:G88) -> #REF! | H90: =SUM(H20:H88) -> #REF!
D92: Check Calculation | E92: =SUM(F90:H90) -> #REF! | F92: Buddget Allocation = Actual Expenditure + Anticipated Future Expenditure + Budget Remaining
A94: April Payments | B94: =SUM(Payments!Z3:'Payments'!Z4) -> 218.664
A95: May Payments | B95: =Payments!Z5+Payments!Z6+Payments!Z7+Payments!Z8+Payments!Z9+Payments!#REF!+Payments!Z10 -> #REF!
A96: June Payments | B96: =SUM(Payments!Z12:Z14) -> 1109.438
A97: July Payments | B97: =SUM(Payments!Z15:'Payments'!Z30) -> 5148.254
A98: August Payments | B98: 0
A99: September Payments | B99: =SUM(Payments!Z31:'Payments'!Z37) -> 1416.928
A100: October Payments | B100: =SUM(Payments!Z45:'Payments'!Z51) -> 6934.6
A101: November Payments | B101: =SUM(Payments!Z52:Payments!#REF!) -> #REF!
A102: December Payments | B102: =SUM(Payments!#REF!:Payments!#REF!) -> #REF!
A103: January Payments | B103: =SUM(Payments!#REF!) -> #REF!
A104: February Payments | B104: =SUM(Payments!#REF!:Payments!#REF!) -> #REF!
A105: March Payments | B105: =SUM(Payments!#REF!) -> #REF!
A106: Total payments | B106: =SUM(B94:B105) -> #REF! | D106: =F90 -> #REF! | E106: Check each month against Actual Expenditure
A107: Variance | C107: =D106-B106 -> #REF!
A108: April Receipts (
A109: May Receipts
A110: June Receipts
A111: July Receipts
A112: August Receipts
...

Sheet Variances 
A1: Comparison of 2022/2023 with 2021/2022 actuals
A4: Budget Heading | B4: Prev yr act | C4: Curr yr act | D4: Diff | E4: % | F4: Notes
B5: £ | C5: £ | D5: £
A7: RECEIPTS
A8: Precept | B8: 22500 | C8: 23000 | D8: =C8-B8 -> 500 | E8: =D8/C8*100 -> 2.173913 | F8: Precept raised by council vote to reflect an increase in inflation.
A9: CIL | B9: 0 | C9: 0 | D9: =C9-B9 -> 0 | F9: No CIL funds received
A10: Interest | B10: 1.17 | C10: 18.49 | D10: =C10-B10 -> 17.32 | E10: =D10/C10*100 -> 93.672255 | F10: Previous years interest payments not recorded for correct period.
A11: Uncashed cheque / cancelled | B11: 0 | C11: 0 | D11: =C11-B11 -> 0
A12: Grants / Donations / Refunds | B12: 3974.5 | C12: 2820.25 | D12: =C12-B12 -> -1154.25 | E12: =D12/C12*100 -> -40.927223 | F12: less than previous year because a smaller amount of donations received from Village Hall Committee. Slightly more grants from SODC.
A13: VAT refund | B13: 1334.83 | C13: 0 | D13: =C13-B13 -> -1334.83 | E13: -100 | F13: Vat not claimed in current year end
B14: =SUM(B8:B13) -> 27810.5 | C14: =SUM(C8:C13) -> 25838.74 | D14: =C14-B14 -> -1971.76 | E14: =D14/C14*100 -> -7.6310223
A16: PAYMENTS
A17: General Administration
A18: Salary Costs | B18: 9394.72 | C18: 8891.9 | D18: =C18-B18 -> -502.82 | E18: =D18/C18*100 -> -5.6548094 | F18: less than previous year as a change of clerk in May who is on a lower hourly rate. The variance would have higher but there was a hand over from the old to the new clerk which increased the salary charge.
A19: Other Admin | B19: 1670.11 | C19: =Payments!F103+Payments!G103+Payments!I103 -> 0 | D19: =C19-B19 -> -1670.11 | E19: =D19/C19*100 -> #DIV/0! | F19: Mileage claims increased this year, as in the previous year most meetings were virtual, so no travelling to the village Hall.
A20: s137 | B20: 1324.97 | C20: 1030 | D20: =C20-B20 -> -294.97 | E20: =D20/C20*100 -> -28.637864 | F20: Less donations in current year as approved by PC.
A21: Subscriptions | B21: 563.74 | C21: =Payments!L103 -> 0 | D21: =C21-B21 -> -563.74 | E21: =D21/C21*100 -> #DIV/0! | F21: A proper parish council meeting did not take place in Mar-21 due to not having core numbers, so subscriptions from 2020/21 are included in this financial year.
A22: TOTAL | B22: =SUM(B18:B21) -> 12953.54 | C22: =SUM(C18:C21) -> 9921.9
A24: Parks and Open Spaces | D24: =C24-B24 -> 0
A25: grass cutting and play area maintenance | B25: 2172 | C25: 0 | D25: =C25-B25 -> -2172 | F25: Invoices received after year end
A26: recreation ground | B26: 700 | C26: =Payments!T103 -> 0 | D26: =C26-B26 -> -700 | E26: =D26/C26*100 -> #DIV/0! | F26: Invoice received after year end
A27: Dog Bin Emptying | B27: 629.19 | C27: =Payments!S103 -> 0 | D27: =C27-B27 -> -629.19 | E27: =D27/C27*100 -> #DIV/0! | F27: New supplier is better value for money
A28: Tree Planting | B28: 900 | C28: 0 | D28: =C28-B28 -> -900
A29: TOTAL | B29: =SUM(B25:B28) -> 4401.19 | C29: =SUM(C25:C28) -> 0
A30: Footpaths and Lighting | D30: =C30-B30 -> 0
A31: Footlights annual payments | B31: 198 | C31: 208.8 | D31: =C31-B31 -> 10.8 | E31: =D31/C31*100 -> 5.1724138
A32: Light repairs | B32: 315.5 | C32: 65 | D32: =C32-B32 -> -250.5 | E32: =D32/C32*100 -> -385.38462 | F32: No testing done, just a repair.
A33: TOTAL | B33: =SUM(B31:B32) -> 513.5 | C33: =SUM(C31:C32) -> 273.8
A34: Asset repair etc | D34: =C34-B34 -> 0
A35: Bollard Reparis | B35: 200 | C35: 0 | D35: =C35-B35 -> -200
A36: VAS Sign | B36: 3255 | C36: 0 | D36: =C36-B36 -> -3255
A37: Curtains (Village Hall) | B37: 2478.75 | C37: 0 | D37: =C37-B37 -> -2478.75
A38: Sound System (Village Hall) | B38: 996.51 | C38: 0 | D38: =C38-B38 -> -996.51
A39: Parish Council Notice Board (new) | B39: 925 | C39: =Payments!W19 -> 0 | D39: =C39-B39 -> -925 | E39: =D39/C39*100 -> #DIV/0! | F39: Installation charge of the new village notice board.
A40: Chairs Village Hall | B40: 0 | C40: 4757.4 | D40: =C40-B40 -> 4757.4 | E40: =D40/C40*100 -> 100 | F40: Purchase of Village Hall Chairs
A41: Millenium Green lighting & Xmas tree | B41: 0 | C41: 2250 | D41: =C41-B41 -> 2250 | E41: =D41/C41*100 -> 100 | F41: Lighting in the Milllenium Green involving preparation work and Xmas tree.
A42: EV SSE charging | C42: =Payments!#REF! -> #REF! | D42: =C42-B42 -> #REF! | E42: =D42/C42*100 -> #REF! | F42: Phase 1 (prepation work) 2 EV chargers in Village Hall car park.
A43: Other Admin | B43: 180 | C43: 0 | D43: =C43-B43 -> -180
A44: TOTAL | B44: =SUM(B35:B43) -> 8035.26 | C44: =SUM(C35:C43) -> #REF!
A45: Grants | D45: =C45-B45 -> 0
A46: Bus grant | B46: 500 | C46: 1500 | D46: =C46-B46 -> 1000 | E46: =D46/C46*100 -> 66.666667 | F46: Two years as last years donation made late. Increase in operating costs.
A47: Churchyard Maintenance | B47: 2110 | C47: =Payments!#REF! -> #REF! | D47: =C47-B47 -> #REF! | E47: =D47/C47*100 -> #REF! | F47: Invoice received after year end
A48: TOTAL | B48: =SUM(B46:B47) -> 2610 | C48: =SUM(C46:C47) -> #REF!
A49: VAT on purchases | B49: 1926.92 | C49: =Payments!Y103 -> 0 | D49: =C49-B49 -> -1926.92 | E49: =D49/C49*100 -> #DIV/0!
A50: TOTAL | B50: =B22+B29+B33+B44+B48+B49 -> 30440.41 | C50: =C22+C29+C33+C44+C48+C49 -> #REF! | D50: =C50-B50 -> #REF! | E50: =D50/C50*100 -> #REF!

Sheet Budget 2023-2024
A1: Budget Tracker for Stanton St John Parish Council 2023/2024 | C1: Expected Income and expenditure 2023/2024 | D1: Actual Income | E1: Budget Allocation 2022/2023 | F1: Actual Expenditure to Dec 2022 | G1: Anticipated expenditure to 31/03/2023 | H1: Budget Remaining | I1: Bank Account Balance | J1: Budget 2023/24 | K1: Notes/assumptions | L1: Actual to 30 Sep 23 | M1: Variance to budget | N1: Proposed 24/25 budget | O1: Notes
A3: Balance as of 31 Dec 2022
A4: Cash book carried forward as reconciled | B4: =Reconciliation!G103 -> 0
A7: Carried Forward Balance | B7: =SUM(B4:B5)-B6 -> 0
A8: Anticipated expenditure to 31/03/2023 | B8: =G97 -> 13752.15
A9: Funds left as 0f 31/03/2023 | B9: =B7-B8 -> -13752.15 | L9: =Reconciliation!G21 -> 30185.36 | M9: =L9-B9 -> 43937.51
A10: INCOME | M10: =L10-B10 -> 0
A11: Precept SODC (April & Sept Payments) | C11: 24500 | L11: =Receipts!D2+Receipts!D3+Receipts!D6+Receipts!D7 -> 13893.08 | M11: =L11-C11 -> -10606.92
A12: VAT Rebate (Manual Claim) | M12: =L12-B12 -> 0
A13: Grants - SODC eV charging | C13: 1867 | L13: =Receipts!D4 -> 36.8 | M13: =L13-C13 -> -1830.2
A14: Total Income | C14: =SUM(C11:C13) -> 26367 | L14: =SUM(L11:L13) -> 13929.88 | M14: =L14-C14 -> -12437.12
A15: Anticipated funds left 31/03/2023 | C15: =B9 -> -13752.15 | L15: =Reconciliation!G21 -> 30185.36 | M15: =L15-C15 -> 43937.51
A16: Total funds available 2023/2024 | C16: =SUM(C14:C15) -> 12614.85 | L16: =SUM(L14:L15) -> 44115.24 | M16: =L16-C16 -> 31500.39
A17: Less anticipated expenditure 2023/2024 | C17: =J97 -> 51078 | M17: =L17-B17 -> 0
A18: Funds remaining after 2023/2024 budget expenditure | C18: =C16-C17 -> -38463.15 | M18: =L18-B18 -> 0
M19: =L19-B19 -> 0
M20: =L20-B20 -> 0
M21: =L21-B21 -> 0
A22: EXPENDITURE | M22: =L22-B22 -> 0
A23: Administration | M23: =L23-B23 -> 0
A24: Clerks Salary | E24: 9360 | F24: 3305 | G24: 2360 | H24: =SUM(E24-(F24+G24)) -> 3695 | J24: 7904 | L24: =Payments!M103 -> 0 | M24: =L24-J24 -> -7904 | N24: 8900 | O24: Slightly more for neighbourhood planning if required
A25: Administrative Support | E25: 1500 | F25: =Payments!Z3+Payments!Z8+Payments!Z12+Payments!Z17+Payments!Z31 -> 2287.744 | G25: 36 | H25: =SUM(E25-(F25+G25)) -> -823.744 | J25: 0 | M25: =L25-J25 -> 0
A26: HMRC Payments | E26: 1188 | F26: 911.15 | G26: 600 | H26: =SUM(E26-(F26+G26)) -> -323.15 | J26: 1976 | L26: =Payments!N103 -> 0 | M26: =L26-J26 -> -1976 | N26: 2080
A27: Clerks Building Insurance | E27: 31 | F27: 0 | G27: 0 | H27: =SUM(E27-(F27+G27)) -> 31 | J27: 35 | M27: =L27-J27 -> -35
A28: Working From Home Allowance | E28: 280 | G28: 0 | H28: 120 | J28: 318 | M28: =L28-J28 -> -318 | N28: 318
A29: Clerks Training | E29: 350 | F29: 330 | G29: 0 | H29: =SUM(E29-(F29+G29)) -> 20 | J29: 350 | L29: 30 | M29: =L29-J29 -> -320 | N29: 700 | O29: Cilca
A30: Mileage | E30: 200 | G30: 0 | H30: =SUM(E30-(F30+G30)) -> 200 | J30: 55 | M30: =L30-J30 -> -55
A31: Stationary & Postage | E31: 50 | F31: 111.14 | G31: 0 | H31: =SUM(E31-(F31+G31)) -> -61.14 | J31: 50 | L31: =Payments!I103 -> 0 | M31: =L31-J31 -> -50 | N31: 35
A32: Printing | E32: 250 | F32: =Payments!Z36 -> 77.328 | G32: 80 | H32: =SUM(E32-(F32+G32)) -> 92.672 | J32: 250 | M32: =L32-J32 -> -250 | N32: 135
A33: Books | E33: 0 | F33: 0 | G33: 120 | H33: =SUM(E33-(F33+G33)) -> -120 | J33: 100 | M33: =L33-J33 -> -100 | N33: 120 | O33: Arnold Baker
A34: Councillors Training | E34: 300 | F34: =Payments!Z6 -> 76.788 | G34: 66 | H34: =SUM(E34-(F34+G34)) -> 157.212 | J34: 500 | L34: 130 | M34: =L34-J34 -> -370 | N34: 600
A35: Parish Council Insurance | E35: 1000 | F35: =Payments!Z10 -> 45.108 | G35: 0 | H35: =SUM(E35-(F35+G35)) -> 954.892 | J35: 1250 | L35: 908.48 | M35: =L35-J35 -> -341.52 | N35: 1500 | O35: Chargers ?
A36: Refreshments | E36: 0 | F36: 0 | G36: =SUM(E36-F36) -> 0 | H36: =SUM(E36-(F36+G36)) -> 0 | M36: =L36-J36 -> 0
A37: Microsoft Licenses | E37: 80 | F37: 0 | G37: =SUM(E37-F37) -> 80 | H37: =SUM(E37-(F37+G37)) -> 0 | J37: 80 | M37: =L37-J37 -> -80 | N37: 85
A38: Antivirus Licenses | E38: 25 | F38: 0 | G38: 40 | H38: =SUM(E38-(F38+G38)) -> -15 | J38: 30 | M38: =L38-J38 -> -30 | N38: 45
A39: Admin contingency | E39: 200 | F39: 0 | G39: 200 | H39: =SUM(E39-(F39+G39)) -> 0 | J39: 200 | M39: =L39-J39 -> -200 | N39: 200
H40: =SUM(E40-(F40+G40)) -> 0 | M40: =L40-J40 -> 0
A41: Maintenance & Parks | H41: =SUM(E41-(F41+G41)) -> 0 | M41: =L41-J41 -> 0
A42: Footlight Payments | E42: 240 | F42: =SUM(Payments!Z22:Z29) -> 1057.562 | G42: 0 | H42: =SUM(E42-(F42+G42)) -> -817.562 | J42: 240 | K42: increase to £20 | L42: =Payments!U103 -> 0 | M42: =L42-J42 -> -240 | N42: 240
A43: Footlight Maintenance | E43: 350 | F43: =Payments!Z4 -> 180 | G43: 0 | H43: =SUM(E43-(F43+G43)) -> 170 | J43: 250 | M43: =L43-J43 -> -250 | N43: 250
A44: Playarea Annual Inspection | E44: 120 | F44: =Payments!Z34 -> 350 | G44: 0 | H44: =SUM(E44-(F44+G44)) -> -230 | J44: 120 | M44: =L44-J44 -> -120 | N44: 85
A45: Playarea Monthly Inspections | E45: 300 | F45: 0 | G45: 120 | H45: =SUM(E45-(F45+G45)) -> 180 | J45: 330 | K45: 10% inflation | M45: =L45-J45 -> -330 | N45: 300
A46: Playground Maintenance | E46: 500 | F46: =Payments!#REF! -> #REF! | G46: 150 | H46: =SUM(E46-(F46+G46)) -> #REF! | J46: 500 | L46: =Payments!T103 -> 0 | M46: =L46-J46 -> -500 | N46: 1200
A47: Grass Cutting Play area | E47: 500 | F47: 0 | G47: =SUM(E47-F47) -> 500 | H47: =SUM(E47-(F47+G47)) -> 0 | J47: 550 | M47: =L47-J47 -> -550 | N47: 300
A48: Ad hoc Vegetation Maintenance | E48: 500 | F48: 0 | G48: =SUM(E48-F48) -> 500 | H48: =SUM(E48-(F48+G48)) -> 0 | J48: 500 | M48: =L48-J48 -> -500 | N48: 600
A49: Snow Ploughing (£85ph) | E49: 1000 | F49: 0 | G49: 0 | H49: =SUM(E49-(F49+G49)) -> 1000 | J49: 500 | M49: =L49-J49 -> -500 | N49: 500
A50: Winter Gritting (£30ph) | E50: 500 | F50: 0 | G50: 0 | H50: =SUM(E50-(F50+G50)) -> 500 | J50: 240 | M50: =L50-J50 -> -240 | N50: 500
A51: Playing Field Rent | E51: 350 | F51: 0 | G51: =SUM(E51-F51) -> 350 | H51: =SUM(E51-(F51+G51)) -> 0 | J51: 350 | K51: 5% inflation | M51: =L51-J51 -> -350 | N51: 360
A52: Dog Bin Emptying | E52: 500 | F52: 231.96 | G52: =SUM(E52-F52) -> 268.04 | H52: =SUM(E52-(F52+G52)) -> 0 | J52: 550 | K52: 10% inflation | L52: =Payments!S103 -> 0 | M52: =L52-J52 -> -550 | N52: 1750 | O52: Including new bins
A53: Refuse Collections | E53: 76 | F53: =Payments!Z19 -> 733.66 | G53: =SUM(E53-F53) -> -657.66 | H53: =SUM(E53-(F53+G53)) -> 0 | J53: 76 | M53: =L53-J53 -> -76
A54: Mtc noticeboard | H54: =SUM(E54-(F54+G54)) -> 0 | M54: =L54-J54 -> 0
M55: =L55-J55 -> 0
A56: Transport | H56: =SUM(E56-(F56+G56)) -> 0 | M56: =L56-J56 -> 0
A57: Otmoor Flyer | E57: 750 | F57: =Payments!Z9 -> 29.89 | G57: =SUM(E57-F57) -> 720.11 | H57: =SUM(E57-(F57+G57)) -> 0 | J57: 800 | M57: =L57-J57 -> -800 | N57: 0
H58: =SUM(E58-(F58+G58)) -> 0 | M58: =L58-J58 -> 0
A59: Communications | H59: =SUM(E59-(F59+G59)) -> 0 | M59: =L59-J59 -> 0
A60: Website Support | E60: 30 | F60: 0 | G60: 160 | H60: =SUM(E60-(F60+G60)) -> -130 | J60: 110 | L60: 280 | M60: =L60-J60 -> 170 | N60: 330
H61: =SUM(E61-(F61+G61)) -> 0 | M61: =L61-J61 -> 0
A62: Subscriptions | H62: =SUM(E62-(F62+G62)) -> 0 | M62: =L62-J62 -> 0
A63: OALC | E63: 150 | G63: =SUM(E63-F63) -> 150 | H63: =SUM(E63-(F63+G63)) -> 0 | J63: 150 | M63: =L63-J63 -> -150 | N63: 160
A64: Open Spaces Society | E64: 45 | F64: 0 | G64: =SUM(E64-F64) -> 45 | H64: =SUM(E64-(F64+G64)) -> 0 | J64: 50 | M64: =L64-J64 -> -50 | N64: 0
A65: Oxford Green Belt Network | E65: 15 | F65: 0 | G65: 0 | H65: =SUM(E65-(F65+G65)) -> 15 | J65: 18 | M65: =L65-J65 -> -18 | N65: 0
A66: Community First Oxfordshire | E66: 55 | F66: 0 | G66: 0 | H66: =SUM(E66-(F66+G66)) -> 55 | J66: 0 | M66: =L66-J66 -> 0 | N66: 0
A67: CommuniCorp | E67: 100 | F67: 0 | G67: 0 | H67: =SUM(E67-(F67+G67)) -> 100 | J67: 0 | M67: =L67-J67 -> 0 | N67: 0
A68: CPRE | E68: 36 | F68: 36 | G68: =SUM(E68-F68) -> 0 | H68: =SUM(E68-(F68+G68)) -> 0 | J68: 38 | M68: =L68-J68 -> -38 | N68: 45
A69: BBOWT | E69: 46 | F69: 0 | G69: =SUM(E69-F69) -> 46 | H69: =SUM(E69-(F69+G69)) -> 0 | J69: 48 | M69: =L69-J69 -> -48 | N69: 35
A70: Rent New College | L70: 350 | M70: =L70-J70 -> 350
A71: Donations | H71: =SUM(E71-(F71+G71)) -> 0 | M71: =L71-J71 -> 0
A72: Ad hoc Donations | E72: 500 | F72: ='Current budget'!F67 -> 180 | G72: 0 | H72: =SUM(E72-(F72+G72)) -> 320 | J72: 400 | L72: =Payments!O103 -> 0 | M72: =L72-J72 -> -400 | N72: 1000
A73: Wheatly Park Prize Giving | E73: 30 | F73: 0 | G73: 0 | H73: =SUM(E73-(F73+G73)) -> 30 | J73: 35 | M73: =L73-J73 -> -35
A74: Citizen Advice | E74: 100 | F74: 600 | G74: 0 | H74: =SUM(E74-(F74+G74)) -> -500 | J74: 600 | K74: Could be reduced | M74: =L74-J74 -> -600 | N74: 600
A75: The Maple Tree | E75: 100 | G75: 0 | J75: 250 | M75: =L75-J75 -> -250 | N75: 250
A76: Oxfordshire Children's Air Ambulance | E76: 100 | F76: 0 | G76: 0 | H76: =SUM(E76-(F76+G76)) -> 100 | J76: 100 | M76: =L76-J76 -> -100
A77: Churchyard Maint Donation | E77: 1000 | F77: 0 | G77: 0 | H77: =SUM(E77-(F77+G77)) -> 1000 | J77: 1000 | L77: =Payments!W10 -> 0 | M77: =L77-J77 -> -1000 | N77: 1400
A78: Coronation expenses | F78: 58.88 | H78: =SUM(E78-(F78+G78)) -> -58.88 | M78: =L78-J78 -> 0
A79: Xmas tree event | J79: 1000 | M79: =L79-J79 -> -1000 | N79: 1000
A80: Coronation event | J80: 1000 | L80: 1000 | M80: =L80-J80 -> 0
A81: Audit Fees | H81: =SUM(E81-(F81+G81)) -> 0 | M81: =L81-J81 -> 0
A82: Internal Auditor | E82: 200 | F82: =Payments!#REF! -> #REF! | G82: 0 | H82: =SUM(E82-(F82+G82)) -> #REF! | J82: 200 | L82: 150 | M82: =L82-J82 -> -50 | N82: 250
A83: External Auditor | E83: 250 | F83: ='Current budget'!F76 -> #REF! | G83: 0 | H83: =SUM(E83-(F83+G83)) -> #REF! | J83: 275 | K83: 10% inflation | M83: =L83-J83 -> -275 | N83: 280
H84: =SUM(E84-(F84+G84)) -> 0 | M84: =L84-J84 -> 0
A85: Projects | H85: =SUM(E85-(F85+G85)) -> 0 | M85: =L85-J85 -> 0
A86: Traffic Project | E86: 15000 | F86: 0 | G86: 0 | H86: 15000 | J86: 20000 | M86: =L86-J86 -> -20000 | N86: ?
A87: Village Hall Roof Project | E87: 780 | F87: 0 | G87: 780 | H87: =SUM(E87-(F87+G87)) -> 0 | L87: =Payments!W7 -> 0 | M87: =L87-J87 -> 0 | N87: ?
A88: Village Hall Chair Project | E88: 2000 | F88: ='Current budget'!F81 -> #REF! | G88: 2358.66 | H88: =SUM(E88-(F88+G88)) -> #REF! | L88: =Payments!W3 -> 0 | M88: =L88-J88 -> 0
A89: Village Hall Car Park Project/EV charging stage 1 & stage 2 | E89: 4680 | F89: 0 | G89: 4680 | H89: =SUM(E89-(F89+G89)) -> 0 | J89: 3000 | K89: Stage 2 approx | M89: =L89-J89 -> -3000
A90: CIL Project (protected must be spent on CIL project) | E90: 3252.27 | F90: 0 | G90: 0 | H90: =SUM(E90-(F90+G90)) -> 3252.27 | I90: =SUM(F90-(G90+H90)) -> -3252.27 | J90: 1700 | K90: Defibrillator | M90: =L90-J90 -> -1700 | O90: Cil needs to be spent by April 25 Defribulator or EV charging ?
A91: Light & cabling village hall | E91: 2000 | F91: 1950 | G91: 0 | H91: =SUM(E91-(F91+G91)) -> 50 | M91: =L91-J91 -> 0 | O91: Suggest EV charging as we have the invoices in now.
A92: Consultancy plan Neighbourhood plan | J92: 1000 | K92: Would look for a grant | M92: =L92-J92 -> -1000 | O92: Q- how much grant money is due? Is that the final costs?
A93: Contingency | H93: =SUM(E93-(F93+G93)) -> 0 | M93: =L93-J93 -> 0
A94: Maintenance & Parks | E94: 1000 | F94: 265 | G94: 0 | H94: =SUM(E94-(F94+G94)) -> 735 | J94: 0 | M94: =L94-J94 -> 0
A95: Election | E95: 1000 | F95: 0 | G95: 0 | H95: =SUM(E95-(F95+G95)) -> 1000 | J95: 1000 | K95: Poss contested election in May | L95: 200 | M95: =L95-J95 -> -800
A96: General | E96: 1000 | F96: 0 | G96: 0 | H96: =SUM(E96-(F96+G96)) -> 1000 | J96: 1000 | L96: 39.8 | M96: =L96-J96 -> -960.2
A97: Totals | E97: =SUM(E24:E96) -> 53969.27 | F97: =SUM(F24:F96) -> #REF! | G97: =SUM(G24:G96) -> 13752.15 | H97: =SUM(H24:H96) -> #REF! | J97: =SUM(J24:J96) -> 51078 | L97: =SUM(L24:L96) -> 3088.28 | M97: =L97-J97 -> -47989.72 | N97: =SUM(N24:N96) -> 26153
D99: Check Calculation
A101: April Payments
A102: May Payments
A103: June Payments
A104: July Payments
A105: August Payments
...

Sheet Budget 2025 2026
B1: Actual Income | C1: Bank Account Balance | D1: Budget 2023/2024 | E1: Notes/assumptions | F1: Actual to 31 March 2024 | G1: Budget 2024-25 | H1: Actual to 30 September 24 | I1: Anticipated to 31 March 2025 | K1: Overspend (-) from Budget | L1: Budget 2025-26 | N1: Actual to 30 September 25 | O1: Anticipated income/ expenditure to 31/03/26 | P1: Deviance from Budget | Q1: Notes | R1: Surplus/deficit (-) | T1: 26/27 Budget
A2: INCOME
A3: Interest from bank | G3: 0 | H3: =Receipts!D3+Receipts!D4+Receipts!D8 -> 193.64 | I3: 150 | L3: 300 | N3: 241.82 | O3: 485 | P3: =L3-O3 -> -185 | Q3: Interest rates going down | T3: 298
A4: Precept | B4: £ | D4: 24500 | F4: 24500 | G4: 27000 | H4: 27000 | I4: 0 | L4: =H4*0.0741+G4 -> 29000.7 | N4: 29000 | O4: 29000 | P4: =L4-O4 -> 0.7 | Q4: Precept £29,000 7% increase from last year | T4: 30450
O5: =SUM(O3:O4) -> 29485
R6: =SUM(P3:P5) -> -184.3 | T6: =SUM(T3:T5) -> 30748
A7: EXPENDITURE
A8: Staff Costs
A9: Clerks Salary | D9: 7904 | F9: 8664 | G9: 10980 | H9: =Payments!K49+Payments!M49+Payments!N49 -> 5513.12 | I9: 5850 | K9: =SUM(G9)-(H9+I9) -> -383.12 | L9: ='Assumptions '!B6 -> 11960 | N9: 5947.33 | O9: =N9*2 -> 11894.66 | P9: =L9-O9 -> 65.34 | Q9: See assumptions tab | T9: 12874
A10: Employer NI | D10: 0 | F10: 0 | G10: 0 | H10: 0 | I10: 195 | K10: =SUM(G10)-(H10+I10) -> -195 | L10: ='Assumptions '!B10 -> 1044 | N10: 536.1 | O10: 1200 | P10: =L10-O10 -> -156 | Q10: 01/04/25 15% threshold reduced £9,100 to £5,000 | T10: 1182
A11: Pension Payments | D11: 0 | F11: 0 | G11: 0 | H11: =Payments!J49 -> 376.14 | I11: 1236 | K11: =SUM(G11)-(H11+I11) -> -1612.14 | L11: =L9*0.217 -> 2595.32 | N11: 665.97 | O11: 2581 | P11: =L11-O11 -> 14.32 | Q11: Back pay for national pay award | T11: 2794
A12: Working From Home Allowance | D12: 318 | F12: 318 | G12: 318 | H12: 156 | I12: 162 | K12: =SUM(G12)-(H12+I12) -> 0 | L12: ='Assumptions '!B12 -> 312 | N12: 0 | O12: =N12*2 -> 0 | P12: =L12-O12 -> 312 | Q12: £26 a month | T12: 312
A13: Mileage | D13: 55 | F13: 137 | G13: 137 | H13: 68 | I13: 68 | K13: =SUM(G13)-(H13+I13) -> 1 | L13: ='Assumptions '!B16 -> 137.7 | N13: 0 | O13: =N13*2 -> 0 | P13: =L13-O13 -> 137.7 | Q13: Council meetings | T13: 137
R14: =SUM(P9:P13) -> 373.36
A15: Maintenance & Parks
A16: Footlight Payments | D16: 240 | E16: increase to £20 | F16: 126 | G16: 240 | H16: 108 | I16: 0 | K16: =SUM(G16)-(H16+I16) -> 132 | L16: 108 | N16: 0 | O16: =L16 -> 108 | P16: 0 | Q16: Not paid yet | T16: 108
A17: Footlight Maintenance | D17: 250 | F17: 45 | G17: 250 | H17: 45 | I17: 200 | K17: =SUM(G17)-(H17+I17) -> 5 | L17: 250 | N17: 0 | O17: 230 | P17: 0 | Q17: 2-3 repairs at £80 each | T17: 250
A18: Playarea Yearly Inspections | D18: 330 | E18: 10% inflation | F18: 240 | G18: 100 | H18: 0 | I18: 300 | K18: =SUM(G18)-(H18+I18) -> -200 | L18: 300 | N18: 0 | O18: =L18 -> 300 | P18: 0 | Q18: Not invoiced yet | T18: 315
A19: Playground Maintenance | D19: 500 | F19: 190 | G19: 1200 | H19: 0 | I19: 1200 | K19: =SUM(G19)-(H19+I19) -> 0 | L19: 1200 | N19: 0 | O19: =L19 -> 1200 | P19: 0 | Q19: Not invoiced yet | T19: 1300
A20: Grass Cutting Play area | D20: 550 | F20: 725 | G20: 300 | H20: 0 | I20: 300 | K20: =SUM(G20)-(H20+I20) -> 0 | L20: 300 | N20: 0 | O20: =L20 -> 300 | P20: 0 | Q20: Not invoiced yet | T20: 330
A21: Dog Bin Emptying | D21: 550 | E21: 10% inflation | F21: 477.93 | G21: 800 | H21: 370 | I21: 370 | K21: =SUM(G21)-(H21+I21) -> 60 | L21: 800 | N21: 279.24 | O21: 700 | P21: =L21-O21 -> 100 | Q21: Ordered new dog bin | T21: 570
A22: Noticeboards | D22: 76 | F22: 0 | G22: 0 | H22: 0 | I22: 0 | K22: =SUM(G22)-(H22+I22) -> 0 | L22: 100 | N22: 0 | O22: 0 | P22: =L22-O22 -> 100 | Q22: Repair | T22: 100
A23: Rural Verge Cutting | D23: 0 | F23: 0 | G23: 0 | H23: 0 | I23: 0 | K23: =SUM(G23)-(H23+I23) -> 0 | L23: 300 | N23: 0 | O23: =L23 -> 300 | P23: =L23-O23 -> 0 | Q23: Not invoiced yet | T23: 330
A24: Rent New college | D24: 350 | F24: 350 | G24: 350 | H24: 350 | K24: =SUM(G24)-(H24+I24) -> 0 | L24: 370 | N24: 350 | O24: 350 | P24: =L24-O24 -> 20 | Q24: 10% Inflation | T24: 350
R25: =SUM(P16:P24) -> 220
A26: Insurance Auditing
A27: Internal Auditor | D27: 200 | F27: 150 | G27: 250 | H27: 240 | K27: =SUM(G27)-(H27+I27) -> 10 | L27: 250 | N27: 200 | O27: 200 | P27: =L27-O27 -> 50 | Q27: Quote received | T27: 210
A28: External Auditor | D28: 275 | E28: 10% inflation | F28: 210 | G28: 280 | H28: 0 | I28: 210 | K28: =SUM(G28)-(H28+I28) -> 70 | L28: 230 | N28: 210 | O28: 210 | P28: =L28-O28 -> 20 | Q28: 10% Inflation | T28: 220
A29: Parish Council Insurance | D29: 1000 | F29: 908.48 | G29: 1500 | H29: 1040 | I29: 0 | K29: =SUM(G29)-(H29+I29) -> 460 | L29: 1350 | N29: 1134 | O29: 1134 | P29: =L29-O29 -> 216 | Q29: Insurance increased & inflation | T29: 1160
A31: Communications
A32: Website Support | D32: 280 | F32: 280 | G32: 330 | H32: 280 | I32: 0 | K32: =SUM(G32)-(H32+I32) -> 50 | L32: 308 | N32: 280 | O32: 280 | P32: =L32-O32 -> 28 | Q32: 10% inflation | T32: 280
A33: Microshade IT | H33: 0 | I33: 476 | K33: =SUM(G33)-(H33+I33) -> -476 | L33: 480 | N33: 625.4 | O33: 1122 | P33: =L33-O33 -> -642 | Q33: 10% inflation | T33: 992
D34: 310 | F34: 128 | G34: 150 | H34: 0 | I34: 0 | K34: =SUM(G34)-(H34+I34) -> 150 | Q34: MS 365 /Anti virus
R35: =SUM(P32:P34) -> -614
A36: Subscriptions
A37: OALC/SLCC | D37: 140 | F37: 140 | G37: 160 | H37: 0 | I37: 160 | K37: =SUM(G37)-(H37+I37) -> 0 | L37: 400 | N37: 0 | O37: 200 | P37: =L37-O37 -> 200 | Q37: Increased | T37: 200
A38: Open Spaces Society | F38: 45 | G38: 45 | H38: 45 | I38: 0 | K38: =SUM(G38)-(H38+I38) -> 0 | L38: 50 | N38: 45 | O38: 45 | P38: =L38-O38 -> 5 | T38: 50
A39: CPRE | F39: 0 | G39: 45 | H39: 0 | I39: 45 | K39: =SUM(G39)-(H39+I39) -> 0 | L39: 50 | N39: 0 | O39: 50 | P39: =L39-O39 -> 0 | T39: 50
A40: BBOWT | F40: 0 | G40: 35 | H40: 0 | I40: 35 | K40: =SUM(G40)-(H40+I40) -> 0 | L40: 40 | N40: 0 | O40: 40 | P40: =L40-O40 -> 0 | T40: 40
A41: Neighbourhood Planning (ONPA) | D41: 0 | F41: 25 | G41: 40 | H41: 0 | I41: 40 | K41: =SUM(G41)-(H41+I41) -> 0 | L41: 50 | N41: 25 | O41: 25 | P41: =L41-O41 -> 25 | T41: 0
R42: =SUM(P37:P41) -> 230
A43: Charitable Donations S137 | P43: =L43-O43 -> 0
A44: Ad hoc Donations | D44: 400 | F44: =Payments!O103 -> 0 | G44: 300 | H44: 0 | K44: =SUM(G44)-(H44+I44) -> 300 | L44: 1165 | N44: 40 | O44: 40 | P44: =L44-O44 -> 1125 | Q44: £10.81*400= £4,205 total S137 allowed | T44: 74
A45: Howe Trust Xmas Hamper | D45: 45 | F45: 45 | G45: 0 | H45: 0 | I45: 45 | L45: 70 | N45: 0 | O45: 70 | P45: =L45-O45 -> 0 | T45: 70
A46: Wheatley Park Prize Giving | D46: 35 | F46: 25 | G46: 25 | H46: 0 | I46: 25 | K46: =SUM(G46)-(H46+I46) -> 0 | L46: 70 | N46: 0 | O46: 70 | P46: =L46-O46 -> 0 | T46: 70
A47: Citizen Advice | D47: 600 | F47: 0 | G47: 400 | H47: 0 | I47: 700 | K47: =SUM(G47)-(H47+I47) -> -300 | L47: 700 | N47: 0 | O47: 700 | P47: =L47-O47 -> 0 | T47: 700
A48: The Maple Tree | D48: 250 | F48: 0 | G48: 250 | H48: 0 | I48: 250 | K48: =SUM(G48)-(H48+I48) -> 0 | L48: 250 | N48: 0 | O48: 250 | P48: =L48-O48 -> 0 | T48: 250
A49: Churchyard Maint Donation | D49: 1000 | F49: 1000 | G49: 1200 | H49: 0 | I49: 1000 | K49: =SUM(G49)-(H49+I49) -> 200 | L49: 1000 | N49: 0 | O49: 1000 | P49: =L49-O49 -> 0 | T49: 1000
A50: Xmas tree event | D50: 1000 | F50: 810 | G50: 1000 | H50: 0 | I50: 380 | K50: =SUM(G50)-(H50+I50) -> 620 | L50: 1000 | N50: 0 | O50: 350 | P50: =L50-O50 -> 650 | T50: 400
A51: Coronation event Village Shop | D51: 0 | F51: 1000 | G51: 1000 | H51: 0 | I51: 0 | K51: =SUM(G51)-(H51+I51) -> 1000 | L51: 300 | N51: 0 | O51: 0 | P51: =L51-O51 -> 300 | Q51: Village event contingency. | T51: 0
A52: Total S137 | D52: =SUM(D44:D51) -> 3330 | E52: =SUM(E44:E51) -> 0 | F52: =SUM(F44:F51) -> 2880 | G52: =SUM(G44:G51) -> 4175 | H52: =SUM(H44:H51) -> 0 | I52: =SUM(I44:I51) -> 2400 | K52: =SUM(G52)-(H52+I52) -> 1775 | L52: =SUM(L44:L51) -> 4555 | N52: =SUM(N44:N51) -> 40 | R52: =SUM(P44:P51) -> 2075
A54: Sundries
A55: Bank Charges | D55: 0 | F55: 68.84 | G55: 72 | H55: 36 | I55: 36 | K55: =SUM(G55)-(H55+I55) -> 0 | L55: 81 | N55: 36 | O55: 72 | P55: =L55-O55 -> 9 | T55: 80
A56: Clerk Training | D56: 350 | F56: 890 | G56: 500 | H56: 0 | I56: 200 | K56: =SUM(G56)-(H56+I56) -> 300 | L56: 400 | N56: 0 | O56: 65 | P56: =L56-O56 -> 335 | T56: 250
A57: Councillors Training | D57: 500 | F57: 190 | G57: 600 | H57: 0 | I57: 150 | K57: =SUM(G57)-(H57+I57) -> 450 | L57: 250 | N57: 65 | O57: 195 | P57: =L57-O57 -> 55 | Q57: In line with expenditure in last two years | T57: 250
A58: Defibrillator Pads | D58: 400 | F58: 0 | G58: 400 | H58: 0 | I58: 0 | K58: =SUM(G58)-(H58+I58) -> 400 | L58: 400 | N58: 0 | O58: 120 | P58: =L58-O58 -> 280 | T58: 150
A59: Information Commissioner fee | D59: 0 | F59: 0 | G59: 0 | H59: 0 | I59: 45 | K59: =SUM(G59)-(H59+I59) -> -45 | L59: 45 | N59: 0 | O59: 45 | P59: =L59-O59 -> 0 | T59: 50
A60: Election costs | D60: 200 | F60: 200 | G60: 200 | H60: 0 | I60: 200 | K60: =SUM(G60)-(H60+I60) -> 0 | L60: 210 | N60: 0 | O60: 0 | P60: =L60-O60 -> 210 | T60: 200
A61: Stationery /ink/Postage | F61: 206 | G61: 150 | H61: 94 | I61: 60 | K61: =SUM(G61)-(H61+I61) -> -4 | L61: 150 | N61: 30 | O61: 100 | P61: =L61-O61 -> 50 | T61: 150
A62: Chairmans Expenses | D62: 75 | F62: 76 | G62: 75 | H62: 0 | I62: 75 | K62: =SUM(G62)-(H62+I62) -> 0 | L62: 75 | N62: 0 | O62: 0 | P62: =L62-O62 -> 75 | T62: 0
A63: Annual Community Meeting | T63: 50
A64: Books/reference material | D64: 0 | F64: 0 | G64: 300 | H64: 0 | I64: 0 | K64: 0 | L64: 150 | N64: 0 | O64: 0 | P64: =L64-O64 -> 150 | T64: 0
R65: =SUM(P55:P64) -> 1164
A66: Projects
A67: Village Hall Car Park Project/EV charging stage 1 & stage 2 | D67: 3000 | E67: Stage 2 approx | F67: 4000 | G67: 0 | H67: 0 | I67: 0 | K67: =SUM(G67)-(H67+I67) -> 0
A68: CIL Project (protected must be spent on CIL project) | C68: =SUM(#REF!-(#REF!+#REF!)) -> #REF! | D68: 1700 | E68: Defibrillator | F68: 1700 | G68: 0 | I68: 0 | K68: =SUM(G68)-(H68+I68) -> 0
A69: Boarding Village Hall loft | D69: 0 | F69: 0 | G69: 0 | H69: 345 | I69: 0 | K69: =SUM(G69)-(H69+I69) -> -345 | T69: 400
A70: Playground Sinking Fund | D70: 0 | F70: 0 | G70: 0 | H70: 1365 | I70: 0 | K70: =SUM(G70)-(H70+I70) -> -1365 | T70: 2000
A71: Village Hall Maintenance | T71: 450
A72: Total | D72: =SUM(D9:D71)-D52 -> 22883 | F72: =SUM(F9:F71)-F52 -> 23370.25 | G72: =SUM(G9:G71)-G52 -> 23982 | H72: =SUM(H9:H71) -> 10431.26 | I72: =SUM(I9:I71)-I52 -> 14013 | K72: =SUM(G72)-(H72+I72)-K52 -> -2237.26 | L72: =SUM(L9:L71)-L52 -> 29301.02 | N72: =SUM(N9:N71) -> 10509.04 | O72: =SUM(O9:O71) -> 25546.66 | P72: =L72-O72 -> 3754.36 | R72: =SUM(P72:Q72) -> 3754.36 | T72: =SUM(T9:T71) -> 30748
F73: =D72-F72 -> -487.25 | T73: =T6-T72 -> 0
B87: Check Calculation
A89: April Payments
A90: May Payments
A91: June Payments
A92: July Payments
A93: August Payments
A94: September Payments
A95: October Payments
A96: November Payments
A97: December Payments
A98: January Payments
A99: February Payments
A100: March Payments
A101: Total payments | B101: =#REF! -> #REF!
A102: Variance
A103: April Receipts (1st April Interest in 2021/22 A/Cs)
A104: May Receipts
A105: June Receipts
A106: July Receipts
A107: August Receipts
A108: September Receipts
A109: October Receipts
A110: November Receipts
A111: December Receipts
A112: January Receipts
A113: February Receipts

Sheet Assumptions 
A2: Assumptions Budget 25/26
A4: Expenditure | B4: £ | C4: Notes
A5: Clerk Salary
A6: 520*23.00= £11,960 | B6: 11960
A7: CilCA & payrise
A9: Employer NI
A10: £7,922*15% | B10: 1044 | C10: 15% over £5,000
A12: Working from home | B12: 312
A13: £26*52
A15: Travel | C15: Meetings
A16: 30*£4.59 | B16: 137.7
B18: =SUM(B6:B17) -> 13453.7

Sheet Reserves Capital budget 
B5: Disposition of Council Funds (30/09/25) | C5: £
B6: Current Account | C6: 25293.82
B7: Unity Savings Account | C7: 15593.94
B8: Scottish Widows | C8: 9751.51
B9: Total | C9: =SUM(C6:C8) -> 50639.27
B11: Reserves
B12: Traffic Project | C12: 20000
B13: Neighbourhood plan | C13: 1000
B14: 5 months running costs | C14: 12000
C15: =SUM(C12:C14) -> 33000
B16: General Reserves | C16: =C9-C15 -> 17639.27

Sheet Budget 2026 2027
B1: Actual Income | C1: Bank Account Balance | D1: Budget 2023/2024 | E1: Notes/assumptions | F1: Actual to 31 March 2024 | G1: Budget 2024-25 | H1: Actual to 30 September 24 | I1: Anticipated to 31 March 2025 | K1: Overspend (-) from Budget | L1: Budget 2025-26 | N1: Actual to 30 September 25 | O1: Anticipated income/ expenditure to 31/03/26 | P1: Deviance from Budget | Q1: Notes | R1: Surplus/deficit (-) | T1: 26/27 Budget | U1: Actual to 31/08/26 | V1: Varaince % | W1: Notes for 2027-2028 budget
A2: INCOME
A3: Interest from bank | G3: 0 | H3: =Receipts!D3+Receipts!D4+Receipts!D8 -> 193.64 | I3: 150 | L3: 300 | N3: 241.82 | O3: 485 | P3: =L3-O3 -> -185 | Q3: Interest rates going down | T3: 298 | U3: 149.04 | V3: =U3/T3 -> 0.50013423
A4: Precept | B4: £ | D4: 24500 | F4: 24500 | G4: 27000 | H4: 27000 | I4: 0 | L4: =H4*0.0741+G4 -> 29000.7 | N4: 29000 | O4: 29000 | P4: =L4-O4 -> 0.7 | Q4: Precept £29,000 7% increase from last year | T4: 33000 | U4: 16500 | V4: =U4/T4 -> 0.5
O5: =SUM(O3:O4) -> 29485
R6: =SUM(P3:P5) -> -184.3 | T6: =SUM(T3:T5) -> 33298 | U6: =SUM(U3:U5) -> 16649.04 | V6: =U6/T6 -> 0.5000012
A7: EXPENDITURE
A8: Staff Costs
A9: Clerks Salary | D9: 7904 | F9: 8664 | G9: 10980 | H9: =Payments!K49+Payments!M49+Payments!N49 -> 5513.12 | I9: 5850 | K9: =SUM(G9)-(H9+I9) -> -383.12 | L9: ='Assumptions '!B6 -> 11960 | N9: 5947.33 | O9: =N9*2 -> 11894.66 | P9: =L9-O9 -> 65.34 | Q9: See assumptions tab | T9: 12874 | U9: 4897.13 | V9: =U9/T9 -> 0.38038916
A10: Employer NI | D10: 0 | F10: 0 | G10: 0 | H10: 0 | I10: 195 | K10: =SUM(G10)-(H10+I10) -> -195 | L10: ='Assumptions '!B10 -> 1044 | N10: 536.1 | O10: 1200 | P10: =L10-O10 -> -156 | Q10: 01/04/25 15% threshold reduced £9,100 to £5,000 | T10: 1182 | U10: 287.03 | V10: =U10/T10 -> 0.24283418
A11: Employer Pension Payments | D11: 0 | F11: 0 | G11: 0 | H11: =Payments!J49 -> 376.14 | I11: 1236 | K11: =SUM(G11)-(H11+I11) -> -1612.14 | L11: =L9*0.217 -> 2595.32 | N11: 665.97 | O11: 2581 | P11: =L11-O11 -> 14.32 | Q11: Back pay for national pay award | T11: 2794 | U11: 1053.65 | V11: =U11/T11 -> 0.37711167
A12: Working From Home Allowance | D12: 318 | F12: 318 | G12: 318 | H12: 156 | I12: 162 | K12: =SUM(G12)-(H12+I12) -> 0 | L12: ='Assumptions '!B12 -> 312 | N12: 0 | O12: =N12*2 -> 0 | P12: =L12-O12 -> 312 | Q12: £26 a month | T12: 312 | U12: 130 | V12: =U12/T12 -> 0.41666667
A13: Mileage | D13: 55 | F13: 137 | G13: 137 | H13: 68 | I13: 68 | K13: =SUM(G13)-(H13+I13) -> 1 | L13: ='Assumptions '!B16 -> 137.7 | N13: 0 | O13: =N13*2 -> 0 | P13: =L13-O13 -> 137.7 | Q13: Council meetings | T13: 137 | U13: 28 | V13: =U13/T13 -> 0.20437956
R14: =SUM(P9:P13) -> 373.36
A15: Maintenance & Parks
A16: Footlight Payments | D16: 240 | E16: increase to £20 | F16: 126 | G16: 240 | H16: 108 | I16: 0 | K16: =SUM(G16)-(H16+I16) -> 132 | L16: 108 | N16: 0 | O16: =L16 -> 108 | P16: 0 | Q16: Not paid yet | T16: 108 | U16: 18 | V16: =U16/T16 -> 0.16666667
A17: Footlight Maintenance | D17: 250 | F17: 45 | G17: 250 | H17: 45 | I17: 200 | K17: =SUM(G17)-(H17+I17) -> 5 | L17: 250 | N17: 0 | O17: 230 | P17: 0 | Q17: 2-3 repairs at £80 each | T17: 250 | U17: 0 | V17: =U17/T17 -> 0
A18: Playarea Yearly Inspections | D18: 330 | E18: 10% inflation | F18: 240 | G18: 100 | H18: 0 | I18: 300 | K18: =SUM(G18)-(H18+I18) -> -200 | L18: 300 | N18: 0 | O18: =L18 -> 300 | P18: 0 | Q18: Not invoiced yet | T18: 315 | U18: 0 | V18: =U18/T18 -> 0
A19: Playground Maintenance | D19: 500 | F19: 190 | G19: 1200 | H19: 0 | I19: 1200 | K19: =SUM(G19)-(H19+I19) -> 0 | L19: 1200 | N19: 0 | O19: =L19 -> 1200 | P19: 0 | Q19: Not invoiced yet | T19: 1300 | U19: 0 | V19: =U19/T19 -> 0
A20: Grass Cutting Play area | D20: 550 | F20: 725 | G20: 300 | H20: 0 | I20: 300 | K20: =SUM(G20)-(H20+I20) -> 0 | L20: 300 | N20: 0 | O20: =L20 -> 300 | P20: 0 | Q20: Not invoiced yet | T20: 330 | U20: 0 | V20: =U20/T20 -> 0
A21: Dog Bin Emptying | D21: 550 | E21: 10% inflation | F21: 477.93 | G21: 800 | H21: 370 | I21: 370 | K21: =SUM(G21)-(H21+I21) -> 60 | L21: 800 | N21: 279.24 | O21: 700 | P21: =L21-O21 -> 100 | Q21: Ordered new dog bin | T21: 570 | U21: 279.24 | V21: =U21/T21 -> 0.48989474
A22: Noticeboards | D22: 76 | F22: 0 | G22: 0 | H22: 0 | I22: 0 | K22: =SUM(G22)-(H22+I22) -> 0 | L22: 100 | N22: 0 | O22: 0 | P22: =L22-O22 -> 100 | Q22: Repair | T22: 100 | U22: 0 | V22: =U22/T22 -> 0
A23: Rural Verge Cutting | D23: 0 | F23: 0 | G23: 0 | H23: 0 | I23: 0 | K23: =SUM(G23)-(H23+I23) -> 0 | L23: 300 | N23: 0 | O23: =L23 -> 300 | P23: =L23-O23 -> 0 | Q23: Not invoiced yet | T23: 330 | U23: 0 | V23: =U23/T23 -> 0
A24: Rent New college | D24: 350 | F24: 350 | G24: 350 | H24: 350 | K24: =SUM(G24)-(H24+I24) -> 0 | L24: 370 | N24: 350 | O24: 350 | P24: =L24-O24 -> 20 | Q24: 10% Inflation | T24: 350 | U24: 350 | V24: =U24/T24 -> 1
R25: =SUM(P16:P24) -> 220
A26: Insurance Auditing
A27: Internal Auditor | D27: 200 | F27: 150 | G27: 250 | H27: 240 | K27: =SUM(G27)-(H27+I27) -> 10 | L27: 250 | N27: 200 | O27: 200 | P27: =L27-O27 -> 50 | Q27: Quote received | T27: 210 | U27: 200 | V27: =U27/T27 -> 0.95238095
A28: External Auditor | D28: 275 | E28: 10% inflation | F28: 210 | G28: 280 | H28: 0 | I28: 210 | K28: =SUM(G28)-(H28+I28) -> 70 | L28: 230 | N28: 210 | O28: 210 | P28: =L28-O28 -> 20 | Q28: 10% Inflation | T28: 220 | V28: =U28/T28 -> 0
A29: Parish Council Insurance | D29: 1000 | F29: 908.48 | G29: 1500 | H29: 1040 | I29: 0 | K29: =SUM(G29)-(H29+I29) -> 460 | L29: 1350 | N29: 1134 | O29: 1134 | P29: =L29-O29 -> 216 | Q29: Insurance increased & inflation | T29: 1160 | U29: 1151.5 | V29: =U29/T29 -> 0.99267241
A31: Communications
A32: Website Support | D32: 280 | F32: 280 | G32: 330 | H32: 280 | I32: 0 | K32: =SUM(G32)-(H32+I32) -> 50 | L32: 308 | N32: 280 | O32: 280 | P32: =L32-O32 -> 28 | Q32: 10% inflation | T32: 280 | U32: 280 | V32: =U32/T32 -> 1
A33: Microshade IT | H33: 0 | I33: 476 | K33: =SUM(G33)-(H33+I33) -> -476 | L33: 480 | N33: 625.4 | O33: 1122 | P33: =L33-O33 -> -642 | Q33: 10% inflation | T33: 1200 | U33: 567.52 | V33: =U33/T33 -> 0.47293333
D34: 310 | F34: 128 | G34: 150 | H34: 0 | I34: 0 | K34: =SUM(G34)-(H34+I34) -> 150 | Q34: MS 365 /Anti virus
R35: =SUM(P32:P34) -> -614
A36: Subscriptions
A37: OALC/SLCC | D37: 140 | F37: 140 | G37: 160 | H37: 0 | I37: 160 | K37: =SUM(G37)-(H37+I37) -> 0 | L37: 400 | N37: 0 | O37: 200 | P37: =L37-O37 -> 200 | Q37: Increased | T37: 200 | V37: =U37/T37 -> 0
A38: Open Spaces Society | F38: 45 | G38: 45 | H38: 45 | I38: 0 | K38: =SUM(G38)-(H38+I38) -> 0 | L38: 50 | N38: 45 | O38: 45 | P38: =L38-O38 -> 5 | T38: 50 | V38: =U38/T38 -> 0
A39: CPRE | F39: 0 | G39: 45 | H39: 0 | I39: 45 | K39: =SUM(G39)-(H39+I39) -> 0 | L39: 50 | N39: 0 | O39: 50 | P39: =L39-O39 -> 0 | T39: 50 | V39: =U39/T39 -> 0
A40: BBOWT | F40: 0 | G40: 35 | H40: 0 | I40: 35 | K40: =SUM(G40)-(H40+I40) -> 0 | L40: 40 | N40: 0 | O40: 40 | P40: =L40-O40 -> 0 | T40: 40 | V40: =U40/T40 -> 0
A41: Neighbourhood Planning (ONPA) | D41: 0 | F41: 25 | G41: 40 | H41: 0 | I41: 40 | K41: =SUM(G41)-(H41+I41) -> 0 | L41: 50 | N41: 25 | O41: 25 | P41: =L41-O41 -> 25 | T41: 25 | U41: 25
R42: =SUM(P37:P41) -> 230
A43: Charitable Donations S137 | P43: =L43-O43 -> 0
A44: Ad hoc Donations | D44: 400 | F44: =Payments!O103 -> 0 | G44: 300 | H44: 0 | K44: =SUM(G44)-(H44+I44) -> 300 | L44: 1165 | N44: 40 | O44: 40 | P44: =L44-O44 -> 1125 | Q44: £10.81*400= £4,205 total S137 allowed | T44: 74 | V44: =U44/T44 -> 0
A45: Howe Trust Xmas Hamper | D45: 45 | F45: 45 | G45: 0 | H45: 0 | I45: 45 | L45: 70 | N45: 0 | O45: 70 | P45: =L45-O45 -> 0 | T45: 70 | V45: =U45/T45 -> 0
A46: Wheatley Park Prize Giving | D46: 35 | F46: 25 | G46: 25 | H46: 0 | I46: 25 | K46: =SUM(G46)-(H46+I46) -> 0 | L46: 70 | N46: 0 | O46: 70 | P46: =L46-O46 -> 0 | T46: 70 | V46: =U46/T46 -> 0
A47: Citizen Advice | D47: 600 | F47: 0 | G47: 400 | H47: 0 | I47: 700 | K47: =SUM(G47)-(H47+I47) -> -300 | L47: 700 | N47: 0 | O47: 700 | P47: =L47-O47 -> 0 | T47: 700 | V47: =U47/T47 -> 0
A48: The Maple Tree | D48: 250 | F48: 0 | G48: 250 | H48: 0 | I48: 250 | K48: =SUM(G48)-(H48+I48) -> 0 | L48: 250 | N48: 0 | O48: 250 | P48: =L48-O48 -> 0 | T48: 250 | U48: 500 | V48: =U48/T48 -> 2
A49: Churchyard Maint Donation | D49: 1000 | F49: 1000 | G49: 1200 | H49: 0 | I49: 1000 | K49: =SUM(G49)-(H49+I49) -> 200 | L49: 1000 | N49: 0 | O49: 1000 | P49: =L49-O49 -> 0 | T49: 1000 | U49: 1000 | V49: =U49/T49 -> 1
A50: Xmas tree event | D50: 1000 | F50: 810 | G50: 1000 | H50: 0 | I50: 380 | K50: =SUM(G50)-(H50+I50) -> 620 | L50: 1000 | N50: 0 | O50: 350 | P50: =L50-O50 -> 650 | T50: 400 | V50: =U50/T50 -> 0
A51: Village Shop Assistance | D51: 0 | F51: 1000 | G51: 1000 | H51: 0 | I51: 0 | K51: =SUM(G51)-(H51+I51) -> 1000 | L51: 300 | N51: 0 | O51: 0 | P51: =L51-O51 -> 300 | Q51: Village event contingency. | T51: 1500
A52: Total S137 | D52: =SUM(D44:D51) -> 3330 | E52: =SUM(E44:E51) -> 0 | F52: =SUM(F44:F51) -> 2880 | G52: =SUM(G44:G51) -> 4175 | H52: =SUM(H44:H51) -> 0 | I52: =SUM(I44:I51) -> 2400 | K52: =SUM(G52)-(H52+I52) -> 1775 | L52: =SUM(L44:L51) -> 4555 | N52: =SUM(N44:N51) -> 40 | R52: =SUM(P44:P51) -> 2075
A54: Sundries
A55: Bank Charges | D55: 0 | F55: 68.84 | G55: 72 | H55: 36 | I55: 36 | K55: =SUM(G55)-(H55+I55) -> 0 | L55: 81 | N55: 36 | O55: 72 | P55: =L55-O55 -> 9 | T55: 80 | U55: 35 | V55: =U55/T55 -> 0.4375
A56: Clerk Training | D56: 350 | F56: 890 | G56: 500 | H56: 0 | I56: 200 | K56: =SUM(G56)-(H56+I56) -> 300 | L56: 400 | N56: 0 | O56: 65 | P56: =L56-O56 -> 335 | T56: 250 | V56: =U56/T56 -> 0
A57: Councillors Training | D57: 500 | F57: 190 | G57: 600 | H57: 0 | I57: 150 | K57: =SUM(G57)-(H57+I57) -> 450 | L57: 250 | N57: 65 | O57: 195 | P57: =L57-O57 -> 55 | Q57: In line with expenditure in last two years | T57: 250 | V57: =U57/T57 -> 0
A58: Defibrillator Pads | D58: 400 | F58: 0 | G58: 400 | H58: 0 | I58: 0 | K58: =SUM(G58)-(H58+I58) -> 400 | L58: 400 | N58: 0 | O58: 120 | P58: =L58-O58 -> 280 | T58: 200 | V58: =U58/T58 -> 0
A59: Information Commissioner fee | D59: 0 | F59: 0 | G59: 0 | H59: 0 | I59: 45 | K59: =SUM(G59)-(H59+I59) -> -45 | L59: 45 | N59: 0 | O59: 45 | P59: =L59-O59 -> 0 | T59: 50 | V59: =U59/T59 -> 0
A60: Election costs | D60: 200 | F60: 200 | G60: 200 | H60: 0 | I60: 200 | K60: =SUM(G60)-(H60+I60) -> 0 | L60: 210 | N60: 0 | O60: 0 | P60: =L60-O60 -> 210 | T60: 200 | V60: =U60/T60 -> 0
A61: Stationery /ink/Postage | F61: 206 | G61: 150 | H61: 94 | I61: 60 | K61: =SUM(G61)-(H61+I61) -> -4 | L61: 150 | N61: 30 | O61: 100 | P61: =L61-O61 -> 50 | T61: 200 | U61: 216.07 | V61: =U61/T61 -> 1.08035
A62: Chairmans Expenses | D62: 75 | F62: 76 | G62: 75 | H62: 0 | I62: 75 | K62: =SUM(G62)-(H62+I62) -> 0 | L62: 75 | N62: 0 | O62: 0 | P62: =L62-O62 -> 75 | T62: 0
A63: Annual Community Meeting | T63: 50 | U63: 75 | V63: =U63/T63 -> 1.5
A64: Books/reference material | D64: 0 | F64: 0 | G64: 300 | H64: 0 | I64: 0 | K64: 0 | L64: 150 | N64: 0 | O64: 0 | P64: =L64-O64 -> 150 | T64: 167 | V64: =U64/T64 -> 0
R65: =SUM(P55:P64) -> 1164
A66: Projects
A67: CIL Project (protected must be spent on CIL project) | C67: =SUM(#REF!-(#REF!+#REF!)) -> #REF! | D67: 1700 | E67: Defibrillator | F67: 1700 | G67: 0 | I67: 0 | K67: =SUM(G67)-(H67+I67) -> 0
A68: Boarding Village Hall loft | D68: 0 | F68: 0 | G68: 0 | H68: 345 | I68: 0 | K68: =SUM(G68)-(H68+I68) -> -345 | T68: 400 | V68: =U68/T68 -> 0
A69: Playground Sinking Fund | D69: 0 | F69: 0 | G69: 0 | H69: 1365 | I69: 0 | K69: =SUM(G69)-(H69+I69) -> -1365 | T69: 2000 | V69: =U69/T69 -> 0
A70: Village Hall Maintenance | T70: 1000 | V70: =U70/T70 -> 0
A71: Total | D71: =SUM(D9:D70)-D52 -> 19883 | F71: =SUM(F9:F70)-F52 -> 19370.25 | G71: =SUM(G9:G70)-G52 -> 23982 | H71: =SUM(H9:H70) -> 10431.26 | I71: =SUM(I9:I70)-I52 -> 14013 | K71: =SUM(G71)-(H71+I71)-K52 -> -2237.26 | L71: =SUM(L9:L70)-L52 -> 29301.02 | N71: =SUM(N9:N70) -> 10509.04 | O71: =SUM(O9:O70) -> 25546.66 | P71: =L71-O71 -> 3754.36 | R71: =SUM(P71:Q71) -> 3754.36 | T71: =SUM(T9:T70) -> 33298 | U71: =SUM(U9:U70) -> 11093.14 | V71: =U71/T71 -> 0.33314734
F72: =D71-F71 -> 512.75 | T72: =T6-T71 -> 0

Sheet Budget 2024-2025
C1: Expected Income and expenditure 2023/2024 | D1: Actual Income | E1: Budget Allocation 2022/2023 | F1: Actual Expenditure to Dec 2022 | G1: Anticipated expenditure to 31/03/2023 | H1: Budget Remaining | I1: Bank Account Balance | J1: Budget 2023/24 | K1: Notes/assumptions | L1: Actual to 30 Sep 23 | M1: Variance to budget | N1: Proposed 24/25 budget | O1: Notes
A3: Balance as of 30 Sep 2023
A4: Expenditure | B4: £
A5: Clerk Salary
A6: 520*24.85= £12,922 | B6: 12922
A7: CilCA & payrise | B7: =SUM(B4:B5)-B6 -> -12922
A8: Anticipated expenditure to 31/03/2024 | B8: 17000
A9: Employer NI | B9: =B7-B8 -> -29922 | L9: =Reconciliation!G21 -> 30185.36 | M9: =L9-B9 -> 60107.36
A10: £7,922*15% | B10: 1188
A11: Precept SODC (April & Sept Payments) | C11: 24500 | L11: =Receipts!D2+Receipts!D3+Receipts!D6+Receipts!D7 -> 13893.08 | M11: =L11-C11 -> -10606.92
A12: Working from home | B12: 312 | C12: 3750
A13: £26*52 | C13: 1867 | L13: =Receipts!D4 -> 36.8 | M13: =L13-C13 -> -1830.2
A14: Total Income | C14: =SUM(C11:C13) -> 30117 | L14: =SUM(L11:L13) -> 13929.88 | M14: =L14-C14 -> -16187.12
A15: Travel | L15: =Reconciliation!G21 -> 30185.36 | M15: =L15-C15 -> 30185.36
A16: 30*£4.59 | B16: 137.7 | L16: =SUM(L14:L15) -> 44115.24 | M16: =SUM(M9:M15) -> 61668.48
A17: Less anticipated expenditure 2024/25
A18: Funds remaining after 2025/25 budget expenditure
A22: EXPENDITURE
A23: Administration
A24: Clerks Salary | E24: 9360 | F24: 3305 | G24: 2360 | H24: =SUM(E24-(F24+G24)) -> 3695 | J24: 7904 | L24: =Payments!M103 -> 0 | N24: 8900 | O24: Slightly more for neighbourhood planning if required
A25: Administrative Support | E25: 1500 | F25: =Payments!Z3+Payments!Z8+Payments!Z12+Payments!Z17+Payments!Z31 -> 2287.744 | G25: 36 | H25: =SUM(E25-(F25+G25)) -> -823.744 | J25: 0
A26: HMRC Payments | E26: 1188 | F26: 911.15 | G26: 600 | H26: =SUM(E26-(F26+G26)) -> -323.15 | J26: 1976 | L26: =Payments!N103 -> 0 | N26: 2080
A27: Clerks Building Insurance | E27: 31 | F27: 0 | G27: 0 | H27: =SUM(E27-(F27+G27)) -> 31 | J27: 35
A28: Working From Home Allowance | E28: 280 | G28: 0 | H28: 120 | J28: 318 | N28: 318
A29: Clerks Training | E29: 350 | F29: 330 | G29: 0 | H29: =SUM(E29-(F29+G29)) -> 20 | J29: 350 | L29: 30 | N29: 700 | O29: Cilca
A30: Mileage | E30: 200 | G30: 0 | H30: =SUM(E30-(F30+G30)) -> 200 | J30: 55
A31: Stationary & Postage | E31: 50 | F31: 111.14 | G31: 0 | H31: =SUM(E31-(F31+G31)) -> -61.14 | J31: 50 | L31: =Payments!I103 -> 0 | N31: 35
A32: Printing | E32: 250 | F32: =Payments!Z36 -> 77.328 | G32: 80 | H32: =SUM(E32-(F32+G32)) -> 92.672 | J32: 250 | N32: 135
A33: Books | E33: 0 | F33: 0 | G33: 120 | H33: =SUM(E33-(F33+G33)) -> -120 | J33: 100 | N33: 120 | O33: Arnold Baker
A34: Councillors Training | E34: 300 | F34: =Payments!Z6 -> 76.788 | G34: 66 | H34: =SUM(E34-(F34+G34)) -> 157.212 | J34: 500 | L34: 130 | N34: 300
A35: Parish Council Insurance | E35: 1000 | F35: =Payments!Z10 -> 45.108 | G35: 0 | H35: =SUM(E35-(F35+G35)) -> 954.892 | J35: 1250 | L35: 908.48 | N35: 1200
A36: Refreshments | E36: 0 | F36: 0 | G36: =SUM(E36-F36) -> 0 | H36: =SUM(E36-(F36+G36)) -> 0
A37: Microsoft Licenses | E37: 80 | F37: 0 | G37: =SUM(E37-F37) -> 80 | H37: =SUM(E37-(F37+G37)) -> 0 | J37: 80 | N37: 85
A38: Antivirus Licenses | E38: 25 | F38: 0 | G38: 40 | H38: =SUM(E38-(F38+G38)) -> -15 | J38: 30 | N38: 45
A39: Admin contingency | E39: 200 | F39: 0 | G39: 200 | H39: =SUM(E39-(F39+G39)) -> 0 | J39: 200 | N39: 200
H40: =SUM(E40-(F40+G40)) -> 0
A41: Maintenance & Parks | H41: =SUM(E41-(F41+G41)) -> 0
A42: Footlight Payments | E42: 240 | F42: =SUM(Payments!Z22:Z29) -> 1057.562 | G42: 0 | H42: =SUM(E42-(F42+G42)) -> -817.562 | J42: 240 | K42: increase to £20 | L42: =Payments!U103 -> 0 | N42: 240
A43: Footlight Maintenance | E43: 350 | F43: =Payments!Z4 -> 180 | G43: 0 | H43: =SUM(E43-(F43+G43)) -> 170 | J43: 250 | N43: 250
A44: Playarea Annual Inspection | E44: 120 | F44: =Payments!Z34 -> 350 | G44: 0 | H44: =SUM(E44-(F44+G44)) -> -230 | J44: 120 | N44: 85
A45: Playarea Monthly Inspections | E45: 300 | F45: 0 | G45: 120 | H45: =SUM(E45-(F45+G45)) -> 180 | J45: 330 | K45: 10% inflation | N45: 300
A46: Playground Maintenance | E46: 500 | F46: =Payments!#REF! -> #REF! | G46: 150 | H46: =SUM(E46-(F46+G46)) -> #REF! | J46: 500 | L46: =Payments!T103 -> 0 | N46: 1200
A47: Grass Cutting Play area | E47: 500 | F47: 0 | G47: =SUM(E47-F47) -> 500 | H47: =SUM(E47-(F47+G47)) -> 0 | J47: 550 | N47: 300
A48: Ad hoc Vegetation Maintenance | E48: 500 | F48: 0 | G48: =SUM(E48-F48) -> 500 | H48: =SUM(E48-(F48+G48)) -> 0 | J48: 500 | N48: 600
A49: Snow Ploughing (£85ph) | E49: 1000 | F49: 0 | G49: 0 | H49: =SUM(E49-(F49+G49)) -> 1000 | J49: 500 | N49: 500
A50: Winter Gritting (£30ph) | E50: 500 | F50: 0 | G50: 0 | H50: =SUM(E50-(F50+G50)) -> 500 | J50: 240 | N50: 500
A51: Playing Field Rent | E51: 350 | F51: 0 | G51: =SUM(E51-F51) -> 350 | H51: =SUM(E51-(F51+G51)) -> 0 | J51: 350 | K51: 5% inflation | N51: 360
A52: Dog Bin Emptying | E52: 500 | F52: 231.96 | G52: =SUM(E52-F52) -> 268.04 | H52: =SUM(E52-(F52+G52)) -> 0 | J52: 550 | K52: 10% inflation | L52: =Payments!S103 -> 0 | N52: 1750 | O52: Including new bins
A53: Refuse Collections | E53: 76 | F53: =Payments!Z19 -> 733.66 | G53: =SUM(E53-F53) -> -657.66 | H53: =SUM(E53-(F53+G53)) -> 0 | J53: 76
A54: Mtc noticeboard | H54: =SUM(E54-(F54+G54)) -> 0
A56: Transport | H56: =SUM(E56-(F56+G56)) -> 0
A57: Otmoor Flyer | E57: 750 | F57: =Payments!Z9 -> 29.89 | G57: =SUM(E57-F57) -> 720.11 | H57: =SUM(E57-(F57+G57)) -> 0 | J57: 800 | N57: 0
H58: =SUM(E58-(F58+G58)) -> 0
A59: Communications | H59: =SUM(E59-(F59+G59)) -> 0
A60: Website Support | E60: 30 | F60: 0 | G60: 160 | H60: =SUM(E60-(F60+G60)) -> -130 | J60: 110 | L60: 280 | N60: 330
H61: =SUM(E61-(F61+G61)) -> 0
A62: Subscriptions | H62: =SUM(E62-(F62+G62)) -> 0
A63: OALC | E63: 150 | G63: =SUM(E63-F63) -> 150 | H63: =SUM(E63-(F63+G63)) -> 0 | J63: 150 | N63: 160
A64: Open Spaces Society | E64: 45 | F64: 0 | G64: =SUM(E64-F64) -> 45 | H64: =SUM(E64-(F64+G64)) -> 0 | J64: 50 | N64: 0
A65: Oxford Green Belt Network | E65: 15 | F65: 0 | G65: 0 | H65: =SUM(E65-(F65+G65)) -> 15 | J65: 18 | N65: 0
A66: Community First Oxfordshire | E66: 55 | F66: 0 | G66: 0 | H66: =SUM(E66-(F66+G66)) -> 55 | J66: 0 | N66: 0
A67: CommuniCorp | E67: 100 | F67: 0 | G67: 0 | H67: =SUM(E67-(F67+G67)) -> 100 | J67: 0 | N67: 0
A68: CPRE | E68: 36 | F68: 36 | G68: =SUM(E68-F68) -> 0 | H68: =SUM(E68-(F68+G68)) -> 0 | J68: 38 | N68: 45
A69: BBOWT | E69: 46 | F69: 0 | G69: =SUM(E69-F69) -> 46 | H69: =SUM(E69-(F69+G69)) -> 0 | J69: 48 | N69: 35
A70: Rent New College | L70: 350
A71: Donations | H71: =SUM(E71-(F71+G71)) -> 0
A72: Ad hoc Donations | E72: 500 | F72: ='Current budget'!F67 -> 180 | G72: 0 | H72: =SUM(E72-(F72+G72)) -> 320 | J72: 400 | L72: =Payments!O103 -> 0 | N72: 1000
A73: Wheatly Park Prize Giving | E73: 30 | F73: 0 | G73: 0 | H73: =SUM(E73-(F73+G73)) -> 30 | J73: 35
A74: Citizen Advice | E74: 100 | F74: 600 | G74: 0 | H74: =SUM(E74-(F74+G74)) -> -500 | J74: 600 | K74: Could be reduced | N74: 400
A75: The Maple Tree | E75: 100 | G75: 0 | J75: 250 | N75: 250
A76: Oxfordshire Children's Air Ambulance | E76: 100 | F76: 0 | G76: 0 | H76: =SUM(E76-(F76+G76)) -> 100 | J76: 100
A77: Churchyard Maint Donation | E77: 1000 | F77: 0 | G77: 0 | H77: =SUM(E77-(F77+G77)) -> 1000 | J77: 1000 | L77: =Payments!W10 -> 0 | N77: 1500
A78: Coronation expenses | F78: 58.88 | H78: =SUM(E78-(F78+G78)) -> -58.88
A79: Xmas tree event | J79: 1000 | N79: 1000
A80: Coronation event | J80: 1000 | L80: 1000
A81: Audit Fees | H81: =SUM(E81-(F81+G81)) -> 0
A82: Internal Auditor | E82: 200 | F82: =Payments!#REF! -> #REF! | G82: 0 | H82: =SUM(E82-(F82+G82)) -> #REF! | J82: 200 | L82: 150 | N82: 250
A83: External Auditor | E83: 250 | F83: ='Current budget'!F76 -> #REF! | G83: 0 | H83: =SUM(E83-(F83+G83)) -> #REF! | J83: 275 | K83: 10% inflation | N83: 280
H84: =SUM(E84-(F84+G84)) -> 0
A85: Projects | H85: =SUM(E85-(F85+G85)) -> 0
A86: Traffic Project | E86: 15000 | F86: 0 | G86: 0 | H86: 15000 | J86: 20000 | N86: ?
A87: Village Hall Roof Project | E87: 780 | F87: 0 | G87: 780 | H87: =SUM(E87-(F87+G87)) -> 0 | L87: =Payments!W7 -> 0 | N87: ?
A88: Village Hall Chair Project | E88: 2000 | F88: ='Current budget'!F81 -> #REF! | G88: 2358.66 | H88: =SUM(E88-(F88+G88)) -> #REF! | L88: =Payments!W3 -> 0
A89: Village Hall Car Park Project/EV charging stage 1 & stage 2 | E89: 4680 | F89: 0 | G89: 4680 | H89: =SUM(E89-(F89+G89)) -> 0 | J89: 3000 | K89: Stage 2 approx
A90: CIL Project (protected must be spent on CIL project) | E90: 3252.27 | F90: 0 | G90: 0 | H90: =SUM(E90-(F90+G90)) -> 3252.27 | I90: =SUM(F90-(G90+H90)) -> -3252.27 | J90: 1700 | K90: Defibrillator
A91: Light & cabling village hall | E91: 2000 | F91: 1950 | G91: 0 | H91: =SUM(E91-(F91+G91)) -> 50
A92: Consultancy plan Neighbourhood plan | J92: 1000 | K92: Would look for a grant
A93: Contingency | H93: =SUM(E93-(F93+G93)) -> 0
A94: Maintenance & Parks | E94: 1000 | F94: 265 | G94: 0 | H94: =SUM(E94-(F94+G94)) -> 735 | J94: 0
A95: Election | E95: 1000 | F95: 0 | G95: 0 | H95: =SUM(E95-(F95+G95)) -> 1000 | J95: 1000 | K95: Poss contested election in May | L95: 200 | M95: Uncontested
A96: General | E96: 1000 | F96: 0 | G96: 0 | H96: =SUM(E96-(F96+G96)) -> 1000 | J96: 1000 | L96: 39.8
A97: Totals | E97: =SUM(E24:E96) -> 53969.27 | F97: =SUM(F24:F96) -> #REF! | G97: =SUM(G24:G96) -> 13752.15 | H97: =SUM(H24:H96) -> #REF! | J97: =SUM(J24:J96) -> 51078 | L97: =SUM(L24:L96) -> 3088.28 | N97: =SUM(N24:N96) -> 25453
D99: Check Calculation
A101: April Payments
A102: May Payments
A103: June Payments
A104: July Payments
A105: August Payments
A106: September Payments
A107: October Payments
...

Sheet 2024 2025 budget
B4: Stanton St John budget comparison and planning 2024/2025
B6: Income/Receipts | C6: 2022/2023 Actual £ | D6: 2023/2024 Budget £ | E6: 2023/2024 To Nov 23 | F6: 2023/2024 Year end anticipated £ | G6: Difference | I6: 2024/2025 Budget £ | M6: Comments/explanations
B7: Precept | C7: 23000 | D7: 24500 | E7: 24500 | F7: 0 | G7: =D7-E7 -> 0 | I7: 27000 | M7: Costs risen due to high inflation.
B8: Grants | C8: 2820.25 | D8: 1867 | E8: 933 | F8: 0 | G8: =D8-E8 -> 934
B9: VAT | C9: 0 | D9: 3750 | E9: 3754 | F9: 0 | G9: =D9-E9 -> -4
B10: Bank Interest | C10: 18.49 | D10: 18.56 | E10: 18.56 | F10: 0 | G10: =D10-E10 -> 0
B11: Total | C11: =SUM(C7:C10) -> 25838.74 | D11: =SUM(D7:D10) -> 30135.56 | E11: =SUM(E7:E10) -> 29205.56 | F11: =SUM(F7:F10) -> 0 | G11: =D11-E11 -> 930 | I11: =SUM(I7:I10) -> 27000
B16: Expenditure/payments | C16: 2022/2023 Actual £ | D16: 2023/2024 Budget £ | E16: 2023/2024 Actual £ To Nov 23 | F16: 2023/2024 Year end anticipated £ | G16: Difference £ | H16: 2023/2024 Actual | I16: 2024/2025 Budget £ | J16: Actual to 30 Sep 24 | K16: Anticipated to year end | L16: Variance to budget | M16: Comments/explanations
B17: Clerks Salary | C17: 8891.9 | D17: 9880 | E17: 7286 | F17: 3520 | G17: =D17-E17-F17 -> -926 | I17: 11500 | J17: =Payments!J49+Payments!K49+Payments!M49+Payments!N49 -> 5889.26 | M17: Pension payments commenced in July
B18: Audit | C18: 350 | D18: 475 | E18: 0 | F18: 0 | G18: =D18-C18 -> 125 | I18: 525 | M18: Had quote in for internal audit and 5% increase for external audit
B19: Clerks Training | C19: 360 | D19: 350 | E19: 365 | F19: 450 | G19: =D19-F19 -> -100 | I19: 500
B20: Expenses | C20: 722.35 | D20: 513 | E20: 710 | F20: 280 | G20: =D20-E20-F20 -> -477 | I20: 1000 | M20: Ad hoc expenses including stationary/books/Councillors
B21: Councillors Training | C21: 0 | D21: 500 | E21: 130 | F21: 130 | G21: =D21-E21-F21 -> 240 | I21: 500
B22: Parish Council Insurance | C22: 975.9 | D22: 1250 | E22: 908.45 | F22: 0 | G22: =D22-E22-F22 -> 341.55 | I22: 1050 | M22: Assumed 5% increase
B23: Footlight Payments/mtc | C23: 273.8 | D23: 490 | E23: 108 | F23: 80 | G23: =D23-E23-F23 -> 302 | I23: 500 | M23: Andrew looking at upgrading
B24: Play area Annual Inspection | C24: 125 | D24: 120 | E24: 85 | F24: 0 | G24: =D24-E24-F24 -> 35 | I24: 130 | M24: Assumed 5% increase
B25: Playground Maintenance | C25: 145 | D25: ='Budget 2023-2024'!J46 -> 500 | E25: =Payments!T5 -> 0 | F25: 0 | G25: =D25-E25-F25 -> 500 | I25: 1200 | M25: Includes regular inspection by Julian Money
B26: Grass Cutting Play area | C26: 0 | D26: 500 | E26: 0 | F26: 300 | G26: =D26-E26-F26 -> 200 | I26: 500
B27: Ad hoc Vegetation Maintenance | C27: 0 | D27: 500 | E27: 0 | F27: 500 | G27: =D27-E27-F27 -> 0 | I27: 1500
B28: Snow Ploughing (£85ph) | C28: 0 | D28: 500 | E28: 0 | F28: 0 | G28: =D28-E28-F28 -> 500 | I28: 500 | M28: Not utilised recently but good to have a contingency
B29: Winter Gritting (£30ph) | C29: 0 | D29: 240 | E29: 0 | F29: 0 | G29: =D29-E29-F29 -> 240 | I29: 240 | M29: Not utilised recently but good to have a contingency
B30: Dog Bin Emptying | C30: 306.09 | D30: 550 | E30: 333 | F30: 130 | G30: =D30-E30-F30 -> 87 | I30: 500 | M30: Assumed 5% increase
B31: Refuse Collections | F31: 0 | G31: =D31-E31-F31 -> 0 | M31: Assumed 5% increase
B32: Mtc noticeboard | C32: 62.39 | D32: 0 | E32: 0 | F32: 0 | G32: 0 | I32: 50
B33: PC Accounts Package | C33: 0 | D33: 0 | E33: 0 | F33: 0 | G33: 0 | I33: 180 | M33: New Accounts Package
B34: Website Support | D34: 110 | E34: 280 | F34: 0 | G34: =D34-E34-F34 -> -170 | I34: 280 | M34: Annual cost
B35: Subscriptions | C35: 218 | D35: 304 | E35: 0 | F35: 250 | G35: =D35-E35-F35 -> 54 | I35: 300
B36: Rent New College | C36: 0 | D36: 350 | E36: 350 | F36: 0 | G36: =D36-E36-F36 -> 0 | I36: 350 | M36: Assumed 5% increase
B37: Donations | C37: 2530 | D37: 3394 | E37: 1395 | F37: 700 | G37: =D37-E37-F37 -> 1299 | I37: 3500 | M37: Includes Village Church grounds donation
B38: Xmas tree event | C38: 465 | D38: 1000 | E38: 810 | F38: 0 | G38: =D38-E38-F38 -> 190 | I38: 1000
B39: Traffic Project | C39: 0 | D39: 20000 | E39: 0 | F39: 0 | G39: =D39-E39-F39 -> 20000 | I39: 20000 | M39: Not utilised. Realistic figure? Move to deposit account
B40: Village Hall Roof Mtc | C40: 0 | D40: 0 | E40: 680 | F40: 0 | G40: =D40-E40-F40 -> -680 | I40: 700 | M40: Future maintenance
B41: Village Hall Chair Project | C41: 4757.4 | D41: 0 | E41: 229 | F41: 0 | G41: =D41-E41-F41 -> -229 | I41: 0 | M41: Project finished
B42: Village Hall Car Park Project/EV charging stage 1 & stage 2 | C42: 3911 | D42: 3000 | E42: =Payments!W69 -> 0 | F42: 0 | G42: =D42-E42-F42 -> 3000 | I42: 0 | M42: Use CIL- needs to be spent by March 2025
B43: CIL Project (protected must be spent on CIL project) | C43: 0 | D43: 1700 | E43: 0 | G43: =D43-E43-F43 -> 1700 | I43: 3252 | M43: CIL money for EV charging project
B44: Lights millennium Green | C44: 1785 | D44: 0 | E44: 0 | F44: 0 | G44: =D44-E44-F44 -> 0 | I44: 0 | M44: Project finished
B45: Consultancy plan Neighbourhood plan | C45: 0 | D45: 0 | E45: 0 | F45: 0 | G45: =D45-E45-F45 -> 0 | I45: 0 | M45: Can be funded from grant from Locate
B46: Contingency | E46: 0 | F46: 0 | G46: =D46-E46-F46 -> 0
B47: Maintenance & Parks | C47: 0 | D47: 1000 | E47: 0 | F47: 0 | G47: =D47-E47-F47 -> 1000 | I47: 1000
B48: Election | C48: 0 | E48: 0 | F48: 0 | G48: =D48-E48-F48 -> 0 | I48: 0 | M48: Not required
B49: General | C49: 0 | D49: 1000 | E49: 0 | F49: 0 | G49: =D49-E49-F49 -> 1000 | I49: 1000
B50: Total | C50: =SUM(C17:C49) -> 25878.83 | D50: =SUM(D17:D49) -> 48226 | E50: =SUM(E17:E49) -> 13669.45 | F50: =SUM(F17:F49) -> 6340 | G50: =D50-E50-F50 -> 28216.55 | I50: =SUM(I17:I49) -> 51757
I51: =I50-I49-I47-I39-I28-I29 -> 29017 | M51: Shorfall of £2,000 from precept taken from reserves

Sheet Asset Register
B1: STANTON ST JOHN ASSET REGISTAR AS OF MARCH 2024
M3: Insurance Value | P3: * Original cost
A4: Expenditure | B4: £ | M4: at 31/03/11 | P4: (or estimate)
A5: Clerk Salary | M5: (£) | P5: (£)
A6: 520*24.85= £12,922 | B6: 12922
A7: CilCA & payrise | B7: Located by the Village Hall, Middle Street
B8: Multi Activity Unit; Mulch safety surface, trim trail purchased 2017 | P8: 28405
A9: Employer NI
A10: £7,922*15% | B10: 1188 | P10: 2500 | Q10: estimate
B11: plain benches | P11: 400 | Q11: estimate
A12: Working from home | B12: 312 | M12: 45000 | P12: =SUM(P8:P11) -> 31305
A13: £26*52
A15: Travel | B15: War Memorial
A16: 30*£4.59 | B16: 137.7 | M16: 29000 | P16: 1 | Q16: estimate
B18: Street furniture
B19: Stone Bus Shelter located on B4027, adjacent to SSJ Recreation Ground. | P19: 1000 | Q19: estimate
B20: Wooden Bus Shelter located on B4027, opposite to Cox Lane junction. | P20: 1000 | Q20: estimate
B21: 2 metal name signs on the B4027 and one on the Menmarsh Road. | P21: 100 | Q21: estimate
B22: 2 teak benches, Located at the Millennium Green/Village Hall, Middle Road purchased September 2003 for £1,124.25. | P22: 749 | R22: One seat disposed in April-19
B23: Low-level lights located as follows:
B24: Wall-mounted fitting on 8, Hillcraft Road, erected 1991, (estimated £185 in 2013) | P24: 185 | Q24: estimate
B25: Post-mounted fitting outside Wynburgh, Pound Lane, erected 2015 | P25: =91.38+25 -> 116.38
B26: Post-mounted fitting outside 1, Stanton Cottages, Middle Rd, erected 1992 (estimated £185 in 2013) | P26: 185 | Q26: estimate
B27: Wall-mounted fitting outside The Stable House, Mill Street, erected 1991 | P27: 600
B28: Light fitting outside Mill House, Jul 2013 | P28: 185
B30: Seat at bus stop Wheatley Road approx 1986 | P30: 0 | Q30: estimate
B31: Street name signs 1990s X 18 (estimated £100 each in 2014) | P31: 1800 | Q31: estimate
B32: Dog bins 2024 | P32: 500
B33: Bollards outside village hall 2014 | P33: 57.3
B34: Bollards Pound Lane 2015 | P34: 130
B35: Mirror opposite Talkhouse 2016 | P35: 21.99
B36: Village sign 2017 | P36: 708.48
B37: VAS sign 2017 | P37: 4215.13
B38: Defibrillator (iPad) & DejfibSafe 2 Cabinet | P38: 1780
B39: 1 Cast Iron Framed Seat (outside the shop) | P39: 738 | R39: 43556
B40: 2 Removable Bollards (entrance to the village hall car park) | P40: 198 | R40: 44013
B41: 2 Steel Padlocks (for the Bollards at the entrance to the village hall car park) | P41: 79.92 | R41: 44013
B42: VAS sign 2021 | P42: 3255 | R42: 44256
B43: New Village Hall Notice Board | P43: 925 | R43: Included as paid for
B45: Total street furniture | M45: 29000 | P45: =SUM(P16:P43) -> 18530.2
B47: Land and Property
B48: Playground, car park and Village Hall 2000 Title reference ON224924 | P48: 60000
B49: Recreation ground lease | P49: 1
B50: Total land and property | P50: =SUM(P48:P49) -> 60001
B52: Office & Village Hall Equipment
B53: Village Hall Sound System (installed 2021) | P53: 710
B54: Village Hall Projector | P54: 1 | R54: 2021 estimate - donated by the film club.
B55: Laptop (HP 250 G6 Laptop, Intel Core i-7-7500U) | P55: 0
B56: Village Hall Curtains (fitted 2021) | P56: 2500 | R56: 2021
B57: Parish Christmas Decorations | P57: 6145 | R57: 44531
B58: EV Chargers | P58: 5000 | R58: 45231
B59: Village Hall Chairs | P59: 5200 | R59: 44896
B60: Total Office Equipment | P60: =SUM(P53:P59) -> 19556
B62: TOTAL ASSETS | P62: =P12+P45+P50+P60 -> 129392.2
B64: *PLEASE NOTE: As requested by the Audit Commission, the estimated market value has been replaced by the original value (or,
B65: if this is unknown, an estimate of current value) and the latter figures have been entered in the 2015/16 audit figures
